Workbook
Name DateProjet: #REF!
Name DateProjet: #REF!
Name DOMAIN: [1]REF!$B$2:$B$8
Name List_ressources: OFFSET([2]Table_Name!$B:$B,4,0,COUNTA([2]Table_Name!$B:$B) )
Name LOT: [1]REF!$D$2:$D$6
Name ouinon: [3]Table!$D$1:$D$2
Name PHASE: [1]REF!$G$2:$G$9
Name PRIORITY: [1]REF!$E$2:$E$5
Name References_TN_CountryList: OFFSET([4]_references_TableName!$B$2,0,0,COUNTA([4]_references_TableName!$B:$B) - 1)
Name References_TN_DomainList: OFFSET([4]_references_TableName!#REF!,0,0,COUNTA([4]_references_TableName!$C:$CB) - 1)
Name References_TN_DomainList: OFFSET([4]_references_TableName!#REF!,0,0,COUNTA([4]_references_TableName!$C:$CB) - 1)
Name References_TN_RegionList: OFFSET([4]_references_TableName!$A$2,0,0,COUNTA([4]_references_TableName!$A:$A) - 1)
Name semaine: [3]Table!$A$1:$B$7
Name STATUS: [1]REF!$C$2:$C$8
Name TEAM: #REF!
Name TEAM: #REF!
Name TYPE: [1]REF!$A$2:$A$20

Sheet FIFI
A1: 1 | B1: =A1+1 -> 2 | C1: =B1+1 -> 3 | D1: =C1+1 -> 4 | E1: =D1+1 -> 5 | F1: =E1+1 -> 6 | G1: =F1+1 -> 7 | H1: =G1+1 -> 8 | I1: =H1+1 -> 9 | ... CX1: =CW1+1 -> 102
AF2: PLANNED WORKLOAD DEV | AR2: PLANNED WORKLOAD FUNCT | AT2: PLANNED WORKLOAD DEV | BF2: TOTAL PLANNED WORKLOAD FUNCT. HORS M3 | BH2: TOTAL PLANNED WORKLOAD DEV. HORS M3 | BT2: PLANNED WORKLOAD FUNCT | BV2: PLANNED WORKLOAD DEV | CH2: PLANNED WORKLOAD FUNCT | CJ2: PLANNED WORKLOAD DEV | CT2: 296 | CU2: 533
A3: ID | B3: LOT | C3: Outils | D3: SOURCE | E3: TARGET | F3: TOPIC | G3: DELIVERABLE GENERAL NAME | H3: COMMENT | I3: TYPE | J3: COMPLEXITY | K3: OTHER | L3: WORKSHOP | M3: RESPONSIBLE | N3: DATE | O3: WORKLOAD | P3: ATTENDEES | Q3: STATUS | R3: FUNCTIONAL SPECIFICATION | S3: Funct. Resp. | T3: PLANNED WORKLOAD FUNCT. | U3: DURATION | V3: PLANNED START DATE | W3: PLANNED DUE DATE | X3: ACTUALS | Y3: ETC | Z3: ESTIMATED END DATE | AA3: STATUS2 | AB3: EAC | AC3: % WORKLOAD COMPLETED | AD3: TECHNICAL SPECIFICATION | AE3: Dev. Resp. | AF3: PLANNED WORKLOAD DEV. | AG3: DURATION3 | AH3: PLANNED START DATE4 | AI3: PLANNED DUE DATE5 | AJ3: ACTUALS6 | AK3: ETC7 | AL3: ESTIMATED END DATE2 | AM3: STATUS9 | AN3: EAC8 | AO3: % WORK COMPLETED | AP3: DETAILED TECHNICAL SPECIFICATION | AQ3: Funct. Resp.10 | AR3: PLANNED WORKLOAD FUNCT.11 | AS3: Dev. Resp.12 | AT3: PLANNED WORKLOAD DEV.13 | AU3: DURATION14 | AV3: PLANNED START DATE15 | AW3: PLANNED DUE DATE16 | AX3: ACTUALS17 | AY3: ETC18 | AZ3: ESTIMATED END DATE22 | BA3: STATUS21 | BB3: EAC19 | BC3: % WORK COMPLETE20 | BD3: DETAILED TECHNICAL SPECIFICATION NOT IN M3 | BE3: Funct. Resp. Hors M3 | BF3: PLANNED WORKLOAD FUNCT. HORS M3 | BG3: Dev. Resp. HORS M3 | BH3: PLANNED WORKLOAD DEV. HORS M3 | BI3: DURATION22 | BJ3: PLANNED START DATE23 | BK3: PLANNED DUE DATE24 | BL3: ACTUALS25 | BM3: ETC26 | BN3: ESTIMATED END DATE222 | BO3: STATUS29 | BP3: EAC27 | BQ3: % WORK COMPLETE28 | BR3: UNIT TESTS | BS3: Funct. Resp | BT3: PLANNED WORKLOAD FUNCT.30 | BU3: Dev. Resp.31 | BV3: PLANNED WORKLOAD DEV.32 | BW3: DURATION323 | BX3: PLANNED START DATE33 | BY3: PLANNED DUE DATE34 | BZ3: ACTUALS35 | CA3: ETC36 | CB3: ESTIMATED END DATE2222 | CC3: STATUS39 | CD3: EAC37 | CE3: % WORK COMPLETE38 | CF3: INTEGRATION TESTS | CG3: Funct. Resp40 | CH3: PLANNED WORKLOAD FUNCT.41 | CI3: Dev. Resp.42 | CJ3: PLANNED WORKLOAD DEV.43 | CK3: DURATION44 | CL3: PLANNED START DATE45 | CM3: PLANNED DUE DATE46 | CN3: ACTUALS47 | CO3: ETC48 | CP3: ESTIMATED END DATE22222 | CQ3: STATUS51 | CR3: EAC372 | CS3: % WORK COMPLETE50 | CT3: PLANNED WORKLOAD FUNCT | CU3: PLANNED WORKLOAD DEV | CV3: LOT2 | CW3: TOTAL PLANNED WORKLOAD FUNCT. HORS M3 | CX3: TOTAL PLANNED WORKLOAD DEV. HORS M3 | DE3: 43191 | DF3: 43221 | DG3: 43252 | DH3: 43282 | DI3: 43313 | DJ3: 43344 | DK3: 43374 | DL3: 43405 | DM3: 43435 | DN3: 43466 | DO3: 43497 | DP3: 43525 | DQ3: 43556 | DR3: 43586 | DS3: 43617 | DT3: 43647 | DU3: 43678
A4: 1 | B4: 2 | C4: PRICING | D4: Pricing | E4: M3 | F4: Sales price | G4: FIFI - PRICING - Sales price | I4: INTERFACE | J4: LOW | M4: Maxime | Q4: Not Started | R4: FIFI - PRICING - Sales price - Functional Specification | S4: Maxime | T4: 1 | U4: 1.3 | V4: 43374 | W4: 43375 | AA4: Not Started | AB4: 1 | AC4: 0 | AD4: FIFI - PRICING - Sales price - Technical Specification | AE4: 3Kles | AF4: 0.5 | AG4: 0.65 | AH4: 43378 | AI4: 43378 | AM4: Not Started | AN4: 0.5 | AO4: 0 | AP4: FIFI - PRICING - Sales price - DETAILED TECH SPECIFICATION | AQ4: Maxime | AR4: 0.5 | AS4: 3Kles | AT4: 3 | AU4: 3.9 | AV4: 43383 | AW4: 43388 | BA4: Not Started | BB4: 3 | BC4: 0 | BD4: FIFI - PRICING - Sales price - DTS not in M3 | BE4: Maxime | BF4: 2.5 | BH4: 4 | BI4: 5.2 | BO4: Not Started | BP4: 4 | BQ4: 0 | BR4: FIFI - PRICING - Sales price - Unit Tests | BS4: Maxime | BT4: 1 | BU4: 3Kles | BV4: 1 | BW4: 1.3 | BX4: 43390 | BY4: 43391 | CC4: Not Started | CD4: 1 | CE4: 0 | CF4: FIFI - PRICING - Sales price - Integration Tests | CO4: 0 | CQ4: Not Started | CR4: 0 | CS4: #REF! | CT4: 2.5 | CU4: 4.5 | CV4: 2 | CW4: 2.5 | CX4: 4 | CY4: =+A4 -> 1 | CZ4: LOT | DA4: PLANNED WORKLOAD FUNCT | DB4: Durée | DC4: Mois départ | DD4: Mois Fin | DE4: 43191 | DF4: 43221 | DG4: 43252 | DH4: 43282 | DI4: 43313 | DJ4: 43344 | DK4: 43374 | DL4: 43405 | DM4: 43435 | DN4: 43466 | DO4: 43497
A5: 2 | B5: 2 | C5: PRICING | D5: Pricing | E5: M3 | F5: Retail price | G5: FIFI - PRICING - Retail price | I5: INTERFACE | J5: LOW | M5: Maxime | Q5: Not Started | R5: FIFI - PRICING - Retail price - Functional Specification | S5: Maxime | T5: 1 | U5: 1.3 | V5: 43375 | W5: 43376 | AA5: Not Started | AB5: 1 | AC5: 0 | AD5: FIFI - PRICING - Retail price - Technical Specification | AE5: 3Kles | AF5: 0.5 | AG5: 0.65 | AH5: 43381 | AI5: 43381 | AM5: Not Started | AN5: 0.5 | AO5: 0 | AP5: FIFI - PRICING - Retail price - DETAILED TECH SPECIFICATION | AQ5: Maxime | AR5: 0.5 | AS5: 3Kles | AT5: 3 | AU5: 3.9 | AV5: 43384 | AW5: 43389 | BA5: Not Started | BB5: 3 | BC5: 0 | BD5: FIFI - PRICING - Retail price - DTS not in M3 | BE5: Maxime | BF5: 2.5 | BH5: 4 | BI5: 5.2 | BO5: Not Started | BP5: 4 | BQ5: 0 | BR5: FIFI - PRICING - Retail price - Unit Tests | BS5: Maxime | BT5: 1 | BU5: 3Kles | BV5: 1 | BW5: 1.3 | BX5: 43391 | BY5: 43392 | CC5: Not Started | CD5: 1 | CE5: 0 | CF5: FIFI - PRICING - Retail price - Integration Tests | CO5: 0 | CQ5: Not Started | CR5: 0 | CS5: #REF! | CT5: 2.5 | CU5: 4.5 | CV5: 2 | CW5: 2.5 | CX5: 4 | CY5: =+A5 -> 2 | CZ5: 1 | DA5: 128.5 | DB5: 6 | DC5: 43282 | DD5: 43466 | DH5: 21.416667 | DI5: 14.277778 | DJ5: 21.416667 | DK5: 21.416667 | DL5: 21.416667 | DM5: 21.416667
A6: 3 | B6: 2 | C6: PRICING | D6: M3 | E6: Pricing | F6: Master Client | G6: FIFI - PRICING - Master Client | I6: INTERFACE | J6: MEDIUM | M6: Maxime | Q6: Not Started | R6: FIFI - PRICING - Master Client - Functional Specification | S6: Maxime | T6: 2 | U6: 2.6 | V6: 43376 | W6: 43378 | AA6: Not Started | AB6: 2 | AC6: 0 | AD6: FIFI - PRICING - Master Client - Technical Specification | AE6: CL TBD | AF6: 1.5 | AG6: 1.95 | AH6: 43383 | AI6: 43384 | AM6: Not Started | AN6: 1.5 | AO6: 0 | AP6: FIFI - PRICING - Master Client - DETAILED TECH SPECIFICATION | AQ6: Maxime | AR6: 1.5 | AS6: CL TBD | AT6: 6 | AU6: 7.8 | AV6: 43388 | AW6: 43397 | BA6: Not Started | BB6: 6 | BC6: 0 | BD6: FIFI - PRICING - Master Client - DTS not in M3 | BE6: Maxime | BF6: 4.5 | BH6: 8.5 | BI6: 11.05 | BO6: Not Started | BP6: 8.5 | BQ6: 0 | BR6: FIFI - PRICING - Master Client - Unit Tests | BS6: Maxime | BT6: 1 | BU6: CL TBD | BV6: 1 | BW6: 1.3 | BX6: 43395 | BY6: 43396 | CC6: Not Started | CD6: 1 | CE6: 0 | CF6: FIFI - PRICING - Master Client - Integration Tests | CO6: 0 | CQ6: Not Started | CR6: 0 | CS6: #REF! | CT6: 4.5 | CU6: 8.5 | CV6: 2 | CW6: 4.5 | CX6: 8.5 | CY6: =+A6 -> 3 | CZ6: 2 | DA6: 125 | DB6: 6 | DC6: 43282 | DD6: 43466 | DH6: 20.833333 | DI6: 13.888889 | DJ6: 20.833333 | DK6: 20.833333 | DL6: 20.833333 | DM6: 20.833333
A7: 4 | B7: 2 | C7: PRICING | D7: M3 | E7: Pricing | F7: Client Order | G7: FIFI - PRICING - Client Order | I7: INTERFACE | J7: MEDIUM | M7: Maxime | Q7: Not Started | R7: FIFI - PRICING - Client Order - Functional Specification | S7: Maxime | T7: 2 | U7: 2.6 | V7: 43381 | W7: 43383 | AA7: Not Started | AB7: 2 | AC7: 0 | AD7: FIFI - PRICING - Client Order - Technical Specification | AE7: CL TBD | AF7: 1.5 | AG7: 1.95 | AH7: 43388 | AI7: 43389 | AM7: Not Started | AN7: 1.5 | AO7: 0 | AP7: FIFI - PRICING - Client Order - DETAILED TECH SPECIFICATION | AQ7: Maxime | AR7: 1.5 | AS7: CL TBD | AT7: 6 | AU7: 7.8 | AV7: 43391 | AW7: 43402 | BA7: Not Started | BB7: 6 | BC7: 0 | BD7: FIFI - PRICING - Client Order - DTS not in M3 | BE7: Maxime | BF7: 4.5 | BH7: 8.5 | BI7: 11.05 | BO7: Not Started | BP7: 8.5 | BQ7: 0 | BR7: FIFI - PRICING - Client Order - Unit Tests | BS7: Maxime | BT7: 1 | BU7: CL TBD | BV7: 1 | BW7: 1.3 | BX7: 43398 | BY7: 43399 | CC7: Not Started | CD7: 1 | CE7: 0 | CF7: FIFI - PRICING - Client Order - Integration Tests | CO7: 0 | CQ7: Not Started | CR7: 0 | CS7: #REF! | CT7: 4.5 | CU7: 8.5 | CV7: 2 | CW7: 4.5 | CX7: 8.5 | CY7: =+A7 -> 4 | CZ7: 3 | DA7: 42.5 | DB7: 5 | DC7: 43344 | DD7: 43497 | DJ7: 8.5 | DK7: 8.5 | DL7: 8.5 | DM7: 8.5 | DN7: 8.5
A8: 5 | B8: 1 | C8: PLM | D8: PLM | E8: M3 | F8: Item+attributes (weight, dimension, etc..) | G8: FIFI - PLM - Item+attributes (weight, dimension, etc..) | I8: INTERFACE | J8: VERY COMPLEX | M8: JY | Q8: Not Started | R8: FIFI - PLM - Item+attributes (weight, dimension, etc..) - Functional Specification | S8: 3Kles (TBD) | T8: 5 | U8: 6.5 | V8: 43383 | W8: 43391 | AA8: Not Started | AB8: 5 | AC8: 0 | AD8: FIFI - PLM - Item+attributes (weight, dimension, etc..) - Technical Specification | AE8: Centric/3Kles | AF8: 4 | AG8: 5.2 | AH8: 43396 | AI8: 43403 | AM8: Not Started | AN8: 4 | AO8: 0 | AP8: FIFI - PLM - Item+attributes (weight, dimension, etc..) - DETAILED TECH SPECIFICATION | AQ8: 3Kles (TBD) | AR8: 3 | AS8: Centric/3Kles | AT8: 12 | AU8: 15.6 | AV8: 43399 | AW8: 43423 | BA8: Not Started | BB8: 12 | BC8: 0 | BD8: FIFI - PLM - Item+attributes (weight, dimension, etc..) - DTS not in M3 | BE8: Centric | BF8: 12 | BH8: 19 | BI8: 24.7 | BO8: Not Started | BP8: 19 | BQ8: 0 | BR8: FIFI - PLM - Item+attributes (weight, dimension, etc..) - Unit Tests | BS8: 3Kles (TBD) | BT8: 4 | BU8: Centric/3Kles | BV8: 4 | BW8: 5.2 | BX8: 43409 | BY8: 43416 | CC8: Not Started | CD8: 4 | CE8: 0 | CF8: FIFI - PLM - Item+attributes (weight, dimension, etc..) - Integration Tests | CO8: 0 | CQ8: Not Started | CR8: 0 | CS8: #REF! | CT8: 12 | CU8: 20 | CV8: 1 | CW8: 12 | CX8: 19 | CY8: =+A8 -> 5 | DA8: TOTAL | DE8: 0 | DF8: 0 | DG8: 0 | DH8: 42.25 | DI8: 28.166667 | DJ8: 50.75 | DK8: 50.75 | DL8: 50.75 | DM8: 50.75 | DN8: 8.5 | DO8: 0
A9: 6 | B9: 1 | C9: PLM | D9: PLM | E9: M3 | F9: Purchase Price | G9: FIFI - PLM - Purchase Price | I9: INTERFACE | J9: VERY COMPLEX | M9: JY | Q9: Not Started | R9: FIFI - PLM - Purchase Price - Functional Specification | S9: 3Kles (TBD) | T9: 5 | U9: 6.5 | V9: 43395 | W9: 43403 | AA9: Not Started | AB9: 5 | AC9: 0 | AD9: FIFI - PLM - Purchase Price - Technical Specification | AE9: Centric/3Kles | AF9: 4 | AG9: 5.2 | AH9: 43409 | AI9: 43416 | AM9: Not Started | AN9: 4 | AO9: 0 | AP9: FIFI - PLM - Purchase Price - DETAILED TECH SPECIFICATION | AQ9: 3Kles (TBD) | AR9: 3 | AS9: Centric/3Kles | AT9: 12 | AU9: 15.6 | AV9: 43412 | AW9: 43433 | BA9: Not Started | BB9: 12 | BC9: 0 | BD9: FIFI - PLM - Purchase Price - DTS not in M3 | BE9: Centric | BF9: 12 | BH9: 19 | BI9: 24.7 | BO9: Not Started | BP9: 19 | BQ9: 0 | BR9: FIFI - PLM - Purchase Price - Unit Tests | BS9: 3Kles (TBD) | BT9: 4 | BU9: Centric/3Kles | BV9: 4 | BW9: 5.2 | BX9: 43419 | BY9: 43426 | CC9: Not Started | CD9: 4 | CE9: 0 | CF9: FIFI - PLM - Purchase Price - Integration Tests | CO9: 0 | CQ9: Not Started | CR9: 0 | CS9: #REF! | CT9: 12 | CU9: 20 | CV9: 1 | CW9: 12 | CX9: 19 | CY9: =+A9 -> 6 | DA9: ETP | DE9: 0 | DF9: 0 | DG9: 0 | DH9: 2.3472222 | DI9: 1.5648148 | DJ9: 2.8194444 | DK9: 2.8194444 | DL9: 2.8194444 | DM9: 2.8194444 | DN9: 0.47222222 | DO9: 0
A10: 7 | B10: 1 | C10: PLM | D10: PLM | E10: M3 | F10: Product, poids, grilles, Madein, etc… | G10: FIFI - PLM - Madein | I10: INTERFACE | J10: VERY COMPLEX | Q10: Not Started | R10: FIFI - PLM - Madein - Functional Specification | S10: 3Kles (TBD) | T10: 5 | U10: 6.5 | V10: 43374 | W10: 43382 | AA10: Not Started | AB10: 5 | AC10: 0 | AD10: FIFI - PLM - Madein - Technical Specification | AE10: 3Kles | AF10: 4 | AG10: 5.2 | AH10: 43385 | AI10: 43392 | AM10: Not Started | AN10: 4 | AO10: 0 | AP10: FIFI - PLM - Madein - DETAILED TECH SPECIFICATION | AQ10: 3Kles (TBD) | AR10: 3 | AS10: 3Kles | AT10: 12 | AU10: 15.6 | AV10: 43390 | AW10: 43412 | BA10: Not Started | BB10: 12 | BC10: 0 | BD10: FIFI - PLM - Madein - DTS not in M3 | BE10: Centric | BF10: 12 | BH10: 19 | BI10: 24.7 | BO10: Not Started | BP10: 19 | BQ10: 0 | BR10: FIFI - PLM - Madein - Unit Tests | BS10: 3Kles (TBD) | BT10: 4 | BU10: 3Kles | BV10: 4 | BW10: 5.2 | BX10: 43397 | BY10: 43404 | CC10: Not Started | CD10: 4 | CE10: 0 | CF10: FIFI - PLM - Madein - Integration Tests | CO10: 0 | CQ10: Not Started | CR10: 0 | CS10: #REF! | CT10: 12 | CU10: 20 | CV10: 1 | CW10: 12 | CX10: 19 | CY10: =+A10 -> 7
A11: 8 | B11: 1 | C11: PLM | D11: PLM | E11: M3 | F11: Drop | G11: FIFI - PLM - HS Code | I11: INTERFACE | J11: VERY COMPLEX | Q11: Not Started | R11: FIFI - PLM - HS Code - Functional Specification | S11: 3Kles (TBD) | T11: 5 | U11: 6.5 | V11: 43382 | W11: 43390 | AA11: Not Started | AB11: 5 | AC11: 0 | AD11: FIFI - PLM - HS Code - Technical Specification | AE11: 3Kles | AF11: 4 | AG11: 5.2 | AH11: 43395 | AI11: 43402 | AM11: Not Started | AN11: 4 | AO11: 0 | AP11: FIFI - PLM - HS Code - DETAILED TECH SPECIFICATION | AQ11: 3Kles (TBD) | AR11: 3 | AS11: 3Kles | AT11: 12 | AU11: 15.6 | AV11: 43398 | AW11: 43420 | BA11: Not Started | BB11: 12 | BC11: 0 | BD11: FIFI - PLM - HS Code - DTS not in M3 | BE11: Centric | BF11: 12 | BH11: 19 | BI11: 24.7 | BO11: Not Started | BP11: 19 | BQ11: 0 | BR11: FIFI - PLM - HS Code - Unit Tests | BS11: 3Kles (TBD) | BT11: 4 | BU11: 3Kles | BV11: 4 | BW11: 5.2 | BX11: 43406 | BY11: 43413 | CC11: Not Started | CD11: 4 | CE11: 0 | CF11: FIFI - PLM - HS Code - Integration Tests | CO11: 0 | CQ11: Not Started | CR11: 0 | CS11: #REF! | CT11: 12 | CU11: 20 | CV11: 1 | CW11: 12 | CX11: 19 | CY11: =+A11 -> 8
A12: 9 | B12: 1 | C12: PLM | D12: PLM | E12: M3 | F12: Composition | G12: FIFI - PLM - Composition | I12: INTERFACE | J12: VERY COMPLEX | Q12: Not Started | R12: FIFI - PLM - Composition - Functional Specification | S12: 3Kles (TBD) | T12: 5 | U12: 6.5 | V12: 43390 | W12: 43398 | AA12: Not Started | AB12: 5 | AC12: 0 | AD12: FIFI - PLM - Composition - Technical Specification | AE12: 3Kles | AF12: 4 | AG12: 5.2 | AH12: 43403 | AI12: 43411 | AM12: Not Started | AN12: 4 | AO12: 0 | AP12: FIFI - PLM - Composition - DETAILED TECH SPECIFICATION | AQ12: 3Kles (TBD) | AR12: 3 | AS12: 3Kles | AT12: 12 | AU12: 15.6 | AV12: 43409 | AW12: 43430 | BA12: Not Started | BB12: 12 | BC12: 0 | BD12: FIFI - PLM - Composition - DTS not in M3 | BE12: Centric | BF12: 12 | BH12: 19 | BI12: 24.7 | BO12: Not Started | BP12: 19 | BQ12: 0 | BR12: FIFI - PLM - Composition - Unit Tests | BS12: 3Kles (TBD) | BT12: 4 | BU12: 3Kles | BV12: 4 | BW12: 5.2 | BX12: 43416 | BY12: 43423 | CC12: Not Started | CD12: 4 | CE12: 0 | CF12: FIFI - PLM - Composition - Integration Tests | CO12: 0 | CQ12: Not Started | CR12: 0 | CS12: #REF! | CT12: 12 | CU12: 20 | CV12: 1 | CW12: 12 | CX12: 19 | CY12: =+A12 -> 9
A13: 10 | B13: 1 | C13: PLM | D13: PLM | E13: M3 | F13: Offer | G13: FIFI - PLM - Offer | I13: INTERFACE | J13: VERY COMPLEX | Q13: Not Started | R13: FIFI - PLM - Offer - Functional Specification | S13: 3Kles (TBD) | T13: 5 | U13: 6.5 | V13: 43398 | W13: 43409 | AA13: Not Started | AB13: 5 | AC13: 0 | AD13: FIFI - PLM - Offer - Technical Specification | AE13: 3Kles | AF13: 4 | AG13: 5.2 | AH13: 43412 | AI13: 43419 | AM13: Not Started | AN13: 4 | AO13: 0 | AP13: FIFI - PLM - Offer - DETAILED TECH SPECIFICATION | AQ13: 3Kles (TBD) | AR13: 3 | AS13: 3Kles | AT13: 12 | AU13: 15.6 | AV13: 43417 | AW13: 43438 | BA13: Not Started | BB13: 12 | BC13: 0 | BD13: FIFI - PLM - Offer - DTS not in M3 | BE13: Centric | BF13: 12 | BH13: 19 | BI13: 24.7 | BO13: Not Started | BP13: 19 | BQ13: 0 | BR13: FIFI - PLM - Offer - Unit Tests | BS13: 3Kles (TBD) | BT13: 4 | BU13: 3Kles | BV13: 4 | BW13: 5.2 | BX13: 43424 | BY13: 43431 | CC13: Not Started | CD13: 4 | CE13: 0 | CF13: FIFI - PLM - Offer - Integration Tests | CO13: 0 | CQ13: Not Started | CR13: 0 | CS13: #REF! | CT13: 12 | CU13: 20 | CV13: 1 | CW13: 12 | CX13: 19 | CY13: =+A13 -> 10
A14: 11 | B14: 1 | C14: PLM | D14: PLM | E14: M3 | F14: Modification/Desactivation | G14: FIFI - PLM - Offer | I14: INTERFACE | J14: VERY COMPLEX | Q14: Not Started | R14: FIFI - PLM - Offer - Functional Specification | S14: 3Kles (TBD) | T14: 5 | U14: 6.5 | V14: 43409 | W14: 43417 | AA14: Not Started | AB14: 5 | AC14: 0 | AD14: FIFI - PLM - Offer - Technical Specification | AE14: 3Kles | AF14: 4 | AG14: 5.2 | AH14: 43420 | AI14: 43427 | AM14: Not Started | AN14: 4 | AO14: 0 | AP14: FIFI - PLM - Offer - DETAILED TECH SPECIFICATION | AQ14: 3Kles (TBD) | AR14: 3 | AS14: 3Kles | AT14: 12 | AU14: 15.6 | AV14: 43425 | AW14: 43446 | BA14: Not Started | BB14: 12 | BC14: 0 | BD14: FIFI - PLM - Offer - DTS not in M3 | BE14: Centric | BF14: 12 | BH14: 19 | BI14: 24.7 | BO14: Not Started | BP14: 19 | BQ14: 0 | BR14: FIFI - PLM - Offer - Unit Tests | BS14: 3Kles (TBD) | BT14: 4 | BU14: 3Kles | BV14: 4 | BW14: 5.2 | BX14: 43432 | BY14: 43439 | CC14: Not Started | CD14: 4 | CE14: 0 | CF14: FIFI - PLM - Offer - Integration Tests | CO14: 0 | CQ14: Not Started | CR14: 0 | CS14: #REF! | CT14: 12 | CU14: 20 | CV14: 1 | CW14: 12 | CX14: 19 | CY14: =+A14 -> 11
A15: 12 | C15: N/A | D15: M3 | E15: Colombus | F15: Items | G15: FIFI - N/A - Items | H15: Can we maintain the PLM -> Colombus | I15: INTERFACE | Q15: Not Started | R15: FIFI - N/A - Items - Functional Specification | AA15: Not Started | AC15: 0 | AD15: FIFI - N/A - Items - Technical Specification | AE15: 3Kles | AM15: Not Started | AO15: 0 | AP15: FIFI - N/A - Items - DETAILED TECH SPECIFICATION | AQ15: 0 | AS15: 3Kles | BA15: Not Started | BC15: 0 | BD15: FIFI - N/A - Items - DTS not in M3 | BO15: Not Started | BQ15: 0 | BR15: FIFI - N/A - Items - Unit Tests | BS15: 0 | BU15: 3Kles | CC15: Not Started | CE15: 0 | CF15: FIFI - N/A - Items - Integration Tests | CO15: 0 | CQ15: Not Started | CR15: 0 | CS15: #REF! | CT15: 0 | CU15: 0 | CV15: 0 | CW15: 0 | CX15: 0 | CY15: =+A15 -> 12
A16: 13 | C16: N/A | D16: M3 | E16: Colombus | F16: Retail price | G16: FIFI - N/A - Retail price | H16: Can be manual once a season | I16: INTERFACE | Q16: Not Started | R16: FIFI - N/A - Retail price - Functional Specification | AA16: Not Started | AC16: 0 | AD16: FIFI - N/A - Retail price - Technical Specification | AE16: 3Kles | AM16: Not Started | AO16: 0 | AP16: FIFI - N/A - Retail price - DETAILED TECH SPECIFICATION | AQ16: 0 | AS16: 3Kles | BA16: Not Started | BC16: 0 | BD16: FIFI - N/A - Retail price - DTS not in M3 | BO16: Not Started | BQ16: 0 | BR16: FIFI - N/A - Retail price - Unit Tests | BS16: 0 | BU16: 3Kles | CC16: Not Started | CE16: 0 | CF16: FIFI - N/A - Retail price - Integration Tests | CO16: 0 | CQ16: Not Started | CR16: 0 | CS16: #REF! | CT16: 0 | CU16: 0 | CV16: 0 | CW16: 0 | CX16: 0 | CY16: =+A16 -> 13 | DA16: 296
A17: 14 | B17: 3 | C17: OSO | D17: M3 | E17: OSO | F17: Items | G17: FIFI - OSO - Items | I17: INTERFACE | J17: COMPLEX | Q17: Not Started | R17: FIFI - OSO - Items - Functional Specification | S17: TBConfirmed | T17: 3 | U17: 3.9 | V17: 43468 | W17: 43473 | AA17: Not Started | AB17: 3 | AC17: 0 | AD17: FIFI - OSO - Items - Technical Specification | AE17: 3Kles | AF17: 2 | AG17: 2.6 | AH17: 43476 | AI17: 43480 | AM17: Not Started | AN17: 2 | AO17: 0 | AP17: FIFI - OSO - Items - DETAILED TECH SPECIFICATION | AQ17: TBConfirmed | AR17: 1.5 | AS17: 3Kles | AT17: 8 | AU17: 10.4 | AV17: 43481 | AW17: 43495 | BA17: Not Started | BB17: 8 | BC17: 0 | BD17: FIFI - OSO - Items - DTS not in M3 | BE17: ACS2I | BF17: 6.5 | BH17: 11.5 | BI17: 14.95 | BO17: Not Started | BP17: 11.5 | BQ17: 0 | BR17: FIFI - OSO - Items - Unit Tests | BS17: TBConfirmed | BT17: 2 | BU17: 3Kles | BV17: 2 | BW17: 2.6 | BX17: 43488 | BY17: 43490 | CC17: Not Started | CD17: 2 | CE17: 0 | CF17: FIFI - OSO - Items - Integration Tests | CO17: 0 | CQ17: Not Started | CR17: 0 | CS17: #REF! | CT17: 6.5 | CU17: 12 | CV17: 3 | CW17: 6.5 | CX17: 11.5 | CY17: =+A17 -> 14
A18: 15 | B18: 3 | C18: OSO | D18: M3 | E18: OSO | F18: Prices | G18: FIFI - OSO - Prices | I18: INTERFACE | J18: MEDIUM | Q18: Not Started | R18: FIFI - OSO - Prices - Functional Specification | S18: TBConfirmed | T18: 2 | U18: 2.6 | V18: 43468 | W18: 43472 | AA18: Not Started | AB18: 2 | AC18: 0 | AD18: FIFI - OSO - Prices - Technical Specification | AE18: 3Kles | AF18: 1.5 | AG18: 1.95 | AH18: 43475 | AI18: 43476 | AM18: Not Started | AN18: 1.5 | AO18: 0 | AP18: FIFI - OSO - Prices - DETAILED TECH SPECIFICATION | AQ18: TBConfirmed | AR18: 1.5 | AS18: 3Kles | AT18: 6 | AU18: 7.8 | AV18: 43480 | AW18: 43489 | BA18: Not Started | BB18: 6 | BC18: 0 | BD18: FIFI - OSO - Prices - DTS not in M3 | BE18: ACS2I | BF18: 4.5 | BH18: 8.5 | BI18: 11.05 | BO18: Not Started | BP18: 8.5 | BQ18: 0 | BR18: FIFI - OSO - Prices - Unit Tests | BS18: TBConfirmed | BT18: 1 | BU18: 3Kles | BV18: 1 | BW18: 1.3 | BX18: 43487 | BY18: 43488 | CC18: Not Started | CD18: 1 | CE18: 0 | CF18: FIFI - OSO - Prices - Integration Tests | CO18: 0 | CQ18: Not Started | CR18: 0 | CS18: #REF! | CT18: 4.5 | CU18: 8.5 | CV18: 3 | CW18: 4.5 | CX18: 8.5 | CY18: =+A18 -> 15 | CZ18: LOT | DA18: PLANNED WORKLOAD DEV | DB18: Durée | DC18: Mois départ | DD18: Mois Fin | DE18: 43191 | DF18: 43221 | DG18: 43252 | DH18: 43282 | DI18: 43313 | DJ18: 43344 | DK18: 43374 | DL18: 43405 | DM18: 43435 | DN18: 43466 | DO18: 43497
A19: 16 | B19: 3 | C19: OSO | D19: M3 | E19: OSO | F19: Client List | G19: FIFI - OSO - Client List | I19: INTERFACE | J19: MEDIUM | Q19: Not Started | R19: FIFI - OSO - Client List - Functional Specification | S19: TBConfirmed | T19: 2 | U19: 2.6 | V19: 43468 | W19: 43472 | AA19: Not Started | AB19: 2 | AC19: 0 | AD19: FIFI - OSO - Client List - Technical Specification | AE19: 3Kles | AF19: 1.5 | AG19: 1.95 | AH19: 43475 | AI19: 43476 | AM19: Not Started | AN19: 1.5 | AO19: 0 | AP19: FIFI - OSO - Client List - DETAILED TECH SPECIFICATION | AQ19: TBConfirmed | AR19: 1.5 | AS19: 3Kles | AT19: 6 | AU19: 7.8 | AV19: 43480 | AW19: 43489 | BA19: Not Started | BB19: 6 | BC19: 0 | BD19: FIFI - OSO - Client List - DTS not in M3 | BE19: ACS2I | BF19: 4.5 | BH19: 8.5 | BI19: 11.05 | BO19: Not Started | BP19: 8.5 | BQ19: 0 | BR19: FIFI - OSO - Client List - Unit Tests | BS19: TBConfirmed | BT19: 1 | BU19: 3Kles | BV19: 1 | BW19: 1.3 | BX19: 43487 | BY19: 43488 | CC19: Not Started | CD19: 1 | CE19: 0 | CF19: FIFI - OSO - Client List - Integration Tests | CO19: 0 | CQ19: Not Started | CR19: 0 | CS19: #REF! | CT19: 4.5 | CU19: 8.5 | CV19: 3 | CW19: 4.5 | CX19: 8.5 | CY19: =+A19 -> 16 | CZ19: 1 | DA19: 220 | DB19: 6 | DC19: 43313 | DD19: 43497 | DI19: 24.444444 | DJ19: 36.666667 | DK19: 36.666667 | DL19: 36.666667 | DM19: 36.666667 | DN19: 36.666667
A20: 17 | B20: 3 | C20: OSO | D20: OSO | E20: M3 | F20: Boutique Order | G20: FIFI - OSO - Boutique Order | H20: Might already exist with CLUSD ? | I20: INTERFACE | J20: MEDIUM | Q20: Not Started | R20: FIFI - OSO - Boutique Order - Functional Specification | S20: TBConfirmed | T20: 2 | U20: 2.6 | V20: 43468 | W20: 43472 | AA20: Not Started | AB20: 2 | AC20: 0 | AD20: FIFI - OSO - Boutique Order - Technical Specification | AE20: 3Kles | AF20: 1.5 | AG20: 1.95 | AH20: 43475 | AI20: 43476 | AM20: Not Started | AN20: 1.5 | AO20: 0 | AP20: FIFI - OSO - Boutique Order - DETAILED TECH SPECIFICATION | AQ20: TBConfirmed | AR20: 1.5 | AS20: 3Kles | AT20: 6 | AU20: 7.8 | AV20: 43480 | AW20: 43489 | BA20: Not Started | BB20: 6 | BC20: 0 | BD20: FIFI - OSO - Boutique Order - DTS not in M3 | BE20: ACS2I | BF20: 4.5 | BH20: 8.5 | BI20: 11.05 | BO20: Not Started | BP20: 8.5 | BQ20: 0 | BR20: FIFI - OSO - Boutique Order - Unit Tests | BS20: TBConfirmed | BT20: 1 | BU20: 3Kles | BV20: 1 | BW20: 1.3 | BX20: 43487 | BY20: 43488 | CC20: Not Started | CD20: 1 | CE20: 0 | CF20: FIFI - OSO - Boutique Order - Integration Tests | CO20: 0 | CQ20: Not Started | CR20: 0 | CS20: #REF! | CT20: 4.5 | CU20: 8.5 | CV20: 3 | CW20: 4.5 | CX20: 8.5 | CY20: =+A20 -> 17 | CZ20: 2 | DA20: 233.5 | DB20: 6 | DC20: 43313 | DD20: 43497 | DI20: 25.944444 | DJ20: 38.916667 | DK20: 38.916667 | DL20: 38.916667 | DM20: 38.916667 | DN20: 38.916667
A21: 18 | B21: 1 | C21: WSH | D21: M3 | E21: WSH | F21: Items | G21: FIFI - WSH - Items | H21: Could be from PLM ? | I21: INTERFACE | J21: MEDIUM | M21: Emmanuelle/3Kles | Q21: Not Started | R21: FIFI - WSH - Items - Functional Specification | S21: TBConfirmed | T21: 2 | U21: 2.6 | V21: 43353 | W21: 43355 | AA21: Not Started | AB21: 2 | AC21: 0 | AD21: FIFI - WSH - Items - Technical Specification | AE21: 3Kles | AF21: 1.5 | AG21: 1.95 | AH21: 43360 | AI21: 43361 | AM21: Not Started | AN21: 1.5 | AO21: 0 | AP21: FIFI - WSH - Items - DETAILED TECH SPECIFICATION | AQ21: TBConfirmed | AR21: 1.5 | AS21: 3Kles | AT21: 6 | AU21: 7.8 | AV21: 43363 | AW21: 43374 | BA21: Not Started | BB21: 6 | BC21: 0 | BD21: FIFI - WSH - Items - DTS not in M3 | BE21: ACS2I | BF21: 4.5 | BH21: 8.5 | BI21: 11.05 | BO21: Not Started | BP21: 8.5 | BQ21: 0 | BR21: FIFI - WSH - Items - Unit Tests | BS21: TBConfirmed | BT21: 1 | BU21: 3Kles | BV21: 1 | BW21: 1.3 | BX21: 43370 | BY21: 43371 | CC21: Not Started | CD21: 1 | CE21: 0 | CF21: FIFI - WSH - Items - Integration Tests | CO21: 0 | CQ21: Not Started | CR21: 0 | CS21: #REF! | CT21: 4.5 | CU21: 8.5 | CV21: 1 | CW21: 4.5 | CX21: 8.5 | CY21: =+A21 -> 18 | CZ21: 3 | DA21: 79.5 | DB21: 5 | DC21: 43374 | DD21: 43525 | DK21: 15.9 | DL21: 15.9 | DM21: 15.9 | DN21: 15.9 | DO21: 15.9
A22: 19 | B22: 1 | C22: WSH | D22: M3 | E22: WSH | F22: Offer | G22: FIFI - WSH - Offer | H22: Could be from PLM ? | I22: INTERFACE | J22: MEDIUM | M22: Emmanuelle/3Kles | Q22: Not Started | R22: FIFI - WSH - Offer - Functional Specification | S22: TBConfirmed | T22: 2 | U22: 2.6 | V22: 43357 | W22: 43361 | AA22: Not Started | AB22: 2 | AC22: 0 | AD22: FIFI - WSH - Offer - Technical Specification | AE22: 3Kles | AF22: 1.5 | AG22: 1.95 | AH22: 43364 | AI22: 43367 | AM22: Not Started | AN22: 1.5 | AO22: 0 | AP22: FIFI - WSH - Offer - DETAILED TECH SPECIFICATION | AQ22: TBConfirmed | AR22: 1.5 | AS22: 3Kles | AT22: 6 | AU22: 7.8 | AV22: 43369 | AW22: 43378 | BA22: Not Started | BB22: 6 | BC22: 0 | BD22: FIFI - WSH - Offer - DTS not in M3 | BE22: ACS2I | BF22: 4.5 | BH22: 8.5 | BI22: 11.05 | BO22: Not Started | BP22: 8.5 | BQ22: 0 | BR22: FIFI - WSH - Offer - Unit Tests | BS22: TBConfirmed | BT22: 1 | BU22: 3Kles | BV22: 1 | BW22: 1.3 | BX22: 43376 | BY22: 43377 | CC22: Not Started | CD22: 1 | CE22: 0 | CF22: FIFI - WSH - Offer - Integration Tests | CO22: 0 | CQ22: Not Started | CR22: 0 | CS22: #REF! | CT22: 4.5 | CU22: 8.5 | CV22: 1 | CW22: 4.5 | CX22: 8.5 | CY22: =+A22 -> 19 | DA22: TOTAL | DE22: 0 | DF22: 0 | DG22: 0 | DH22: 0 | DI22: 50.388889 | DJ22: 75.583333 | DK22: 91.483333 | DL22: 91.483333 | DM22: 91.483333 | DN22: 91.483333 | DO22: 15.9
A23: 20 | B23: 1 | C23: WSH | D23: M3 | E23: WSH | F23: Prices | G23: FIFI - WSH - Prices | I23: INTERFACE | J23: MEDIUM | M23: Emmanuelle/3Kles | Q23: Not Started | R23: FIFI - WSH - Prices - Functional Specification | S23: TBConfirmed | T23: 2 | U23: 2.6 | V23: 43359 | W23: 43361 | AA23: Not Started | AB23: 2 | AC23: 0 | AD23: FIFI - WSH - Prices - Technical Specification | AE23: 3Kles | AF23: 1.5 | AG23: 1.95 | AH23: 43364 | AI23: 43367 | AM23: Not Started | AN23: 1.5 | AO23: 0 | AP23: FIFI - WSH - Prices - DETAILED TECH SPECIFICATION | AQ23: TBConfirmed | AR23: 1.5 | AS23: 3Kles | AT23: 6 | AU23: 7.8 | AV23: 43369 | AW23: 43378 | BA23: Not Started | BB23: 6 | BC23: 0 | BD23: FIFI - WSH - Prices - DTS not in M3 | BE23: ACS2I | BF23: 4.5 | BH23: 8.5 | BI23: 11.05 | BO23: Not Started | BP23: 8.5 | BQ23: 0 | BR23: FIFI - WSH - Prices - Unit Tests | BS23: TBConfirmed | BT23: 1 | BU23: 3Kles | BV23: 1 | BW23: 1.3 | BX23: 43376 | BY23: 43377 | CC23: Not Started | CD23: 1 | CE23: 0 | CF23: FIFI - WSH - Prices - Integration Tests | CO23: 0 | CQ23: Not Started | CR23: 0 | CS23: #REF! | CT23: 4.5 | CU23: 8.5 | CV23: 1 | CW23: 4.5 | CX23: 8.5 | CY23: =+A23 -> 20 | DA23: ETP | DE23: 0 | DF23: 0 | DG23: 0 | DH23: 0 | DI23: 2.7993827 | DJ23: 4.1990741 | DK23: 5.0824074 | DL23: 5.0824074 | DM23: 5.0824074 | DN23: 5.0824074 | DO23: 0.88333333
A24: 21 | B24: 1 | C24: WSH | D24: M3 | E24: WSH | F24: Client | G24: FIFI - WSH - Client | I24: INTERFACE | J24: LOW | M24: Emmanuelle/3Kles | Q24: Not Started | R24: FIFI - WSH - Client - Functional Specification | S24: TBConfirmed | T24: 1 | U24: 1.3 | V24: 43361 | W24: 43362 | AA24: Not Started | AB24: 1 | AC24: 0 | AD24: FIFI - WSH - Client - Technical Specification | AE24: 3Kles | AF24: 0.5 | AG24: 0.65 | AH24: 43367 | AI24: 43367 | AM24: Not Started | AN24: 0.5 | AO24: 0 | AP24: FIFI - WSH - Client - DETAILED TECH SPECIFICATION | AQ24: TBConfirmed | AR24: 0.5 | AS24: 3Kles | AT24: 3 | AU24: 3.9 | AV24: 43370 | AW24: 43375 | BA24: Not Started | BB24: 3 | BC24: 0 | BD24: FIFI - WSH - Client - DTS not in M3 | BE24: ACS2I | BF24: 2.5 | BH24: 4 | BI24: 5.2 | BO24: Not Started | BP24: 4 | BQ24: 0 | BR24: FIFI - WSH - Client - Unit Tests | BS24: TBConfirmed | BT24: 1 | BU24: 3Kles | BV24: 1 | BW24: 1.3 | BX24: 43377 | BY24: 43378 | CC24: Not Started | CD24: 1 | CE24: 0 | CF24: FIFI - WSH - Client - Integration Tests | CO24: 0 | CQ24: Not Started | CR24: 0 | CS24: #REF! | CT24: 2.5 | CU24: 4.5 | CV24: 1 | CW24: 2.5 | CX24: 4 | CY24: =+A24 -> 21 | DA24: 533
A25: 22 | B25: 1 | C25: WSH | D25: M3 | E25: WSH | F25: Stock ? | G25: FIFI - WSH - Stock ? | I25: INTERFACE | J25: MEDIUM | M25: Emmanuelle/3Kles | Q25: Not Started | R25: FIFI - WSH - Stock ? - Functional Specification | S25: TBConfirmed | T25: 2 | U25: 2.6 | V25: 43353 | W25: 43355 | AA25: Not Started | AB25: 2 | AC25: 0 | AD25: FIFI - WSH - Stock ? - Technical Specification | AE25: 3Kles | AF25: 1.5 | AG25: 1.95 | AH25: 43360 | AI25: 43361 | AM25: Not Started | AN25: 1.5 | AO25: 0 | AP25: FIFI - WSH - Stock ? - DETAILED TECH SPECIFICATION | AQ25: TBConfirmed | AR25: 1.5 | AS25: 3Kles | AT25: 6 | AU25: 7.8 | AV25: 43363 | AW25: 43374 | BA25: Not Started | BB25: 6 | BC25: 0 | BD25: FIFI - WSH - Stock ? - DTS not in M3 | BE25: ACS2I | BF25: 4.5 | BH25: 8.5 | BI25: 11.05 | BO25: Not Started | BP25: 8.5 | BQ25: 0 | BR25: FIFI - WSH - Stock ? - Unit Tests | BS25: TBConfirmed | BT25: 1 | BU25: 3Kles | BV25: 1 | BW25: 1.3 | BX25: 43370 | BY25: 43371 | CC25: Not Started | CD25: 1 | CE25: 0 | CF25: FIFI - WSH - Stock ? - Integration Tests | CO25: 0 | CQ25: Not Started | CR25: 0 | CS25: #REF! | CT25: 4.5 | CU25: 8.5 | CV25: 1 | CW25: 4.5 | CX25: 8.5 | CY25: =+A25 -> 22
A26: 23 | B26: 1 | C26: WSH | D26: M3 | E26: WSH | F26: Exclusivity + Drops | G26: FIFI - WSH - Exclusivity + Drops | I26: INTERFACE | J26: MEDIUM | M26: Emmanuelle/3Kles | Q26: Not Started | R26: FIFI - WSH - Exclusivity + Drops - Functional Specification | S26: TBConfirmed | T26: 2 | U26: 2.6 | V26: 43363 | W26: 43367 | AA26: Not Started | AB26: 2 | AC26: 0 | AD26: FIFI - WSH - Exclusivity + Drops - Technical Specification | AE26: 3Kles | AF26: 1.5 | AG26: 1.95 | AH26: 43370 | AI26: 43371 | AM26: Not Started | AN26: 1.5 | AO26: 0 | AP26: FIFI - WSH - Exclusivity + Drops - DETAILED TECH SPECIFICATION | AQ26: TBConfirmed | AR26: 1.5 | AS26: 3Kles | AT26: 6 | AU26: 7.8 | AV26: 43375 | AW26: 43384 | BA26: Not Started | BB26: 6 | BC26: 0 | BD26: FIFI - WSH - Exclusivity + Drops - DTS not in M3 | BE26: ACS2I | BF26: 4.5 | BH26: 8.5 | BI26: 11.05 | BO26: Not Started | BP26: 8.5 | BQ26: 0 | BR26: FIFI - WSH - Exclusivity + Drops - Unit Tests | BS26: TBConfirmed | BT26: 1 | BU26: 3Kles | BV26: 1 | BW26: 1.3 | BX26: 43382 | BY26: 43383 | CC26: Not Started | CD26: 1 | CE26: 0 | CF26: FIFI - WSH - Exclusivity + Drops - Integration Tests | CO26: 0 | CQ26: Not Started | CR26: 0 | CS26: #REF! | CT26: 4.5 | CU26: 8.5 | CV26: 1 | CW26: 4.5 | CX26: 8.5 | CY26: =+A26 -> 23
A27: 24 | B27: 1 | C27: WSH | D27: WSH | E27: M3 | F27: Client Order | G27: FIFI - WSH - Client Order | H27: Confirmed Orders | I27: INTERFACE | J27: LOW | M27: Emmanuelle/3Kles | Q27: Not Started | R27: FIFI - WSH - Client Order - Functional Specification | S27: TBConfirmed | T27: 1 | U27: 1.3 | V27: 43360 | W27: 43361 | AA27: Not Started | AB27: 1 | AC27: 0 | AD27: FIFI - WSH - Client Order - Technical Specification | AE27: 3Kles | AF27: 0.5 | AG27: 0.65 | AH27: 43364 | AI27: 43364 | AM27: Not Started | AN27: 0.5 | AO27: 0 | AP27: FIFI - WSH - Client Order - DETAILED TECH SPECIFICATION | AQ27: TBConfirmed | AR27: 0.5 | AS27: 3Kles | AT27: 3 | AU27: 3.9 | AV27: 43369 | AW27: 43374 | BA27: Not Started | BB27: 3 | BC27: 0 | BD27: FIFI - WSH - Client Order - DTS not in M3 | BE27: ACS2I | BF27: 2.5 | BH27: 4 | BI27: 5.2 | BO27: Not Started | BP27: 4 | BQ27: 0 | BR27: FIFI - WSH - Client Order - Unit Tests | BS27: TBConfirmed | BT27: 1 | BU27: 3Kles | BV27: 1 | BW27: 1.3 | BX27: 43376 | BY27: 43377 | CC27: Not Started | CD27: 1 | CE27: 0 | CF27: FIFI - WSH - Client Order - Integration Tests | CO27: 0 | CQ27: Not Started | CR27: 0 | CS27: #REF! | CT27: 2.5 | CU27: 4.5 | CV27: 1 | CW27: 2.5 | CX27: 4 | CY27: =+A27 -> 24 | DA27: WORKLOAD CUSTO | DB27: Durée | DC27: Mois départ | DD27: Mois Fin | DE27: 43191 | DF27: 43221 | DG27: 43252 | DH27: 43282 | DI27: 43313 | DJ27: 43344 | DK27: 43374 | DL27: 43405 | DM27: 43435 | DN27: 43466 | DO27: 43497
A28: 25 | B28: 1 | C28: WSH | D28: WSH | E28: LINELIST | F28: LINELIST | G28: FIFI - WSH - LINELIST | I28: INTERFACE | J28: MEDIUM | M28: Emmanuelle/3Kles | Q28: Not Started | R28: FIFI - WSH - LINELIST - Functional Specification | S28: TBConfirmed | T28: 2 | U28: 2.6 | V28: 43419 | W28: 43423 | AA28: Not Started | AB28: 2 | AC28: 0 | AD28: FIFI - WSH - LINELIST - Technical Specification | AE28: 3Kles | AF28: 1.5 | AG28: 1.95 | AH28: 43426 | AI28: 43427 | AM28: Not Started | AN28: 1.5 | AO28: 0 | AP28: FIFI - WSH - LINELIST - DETAILED TECH SPECIFICATION | AQ28: TBConfirmed | AR28: 1.5 | AS28: 3Kles | AT28: 6 | AU28: 7.8 | AV28: 43431 | AW28: 43440 | BA28: Not Started | BB28: 6 | BC28: 0 | BD28: FIFI - WSH - LINELIST - DTS not in M3 | BE28: ACS2I | BF28: 4.5 | BH28: 8.5 | BI28: 11.05 | BO28: Not Started | BP28: 8.5 | BQ28: 0 | BR28: FIFI - WSH - LINELIST - Unit Tests | BS28: TBConfirmed | BT28: 1 | BU28: 3Kles | BV28: 1 | BW28: 1.3 | BX28: 43438 | BY28: 43439 | CC28: Not Started | CD28: 1 | CE28: 0 | CF28: FIFI - WSH - LINELIST - Integration Tests | CO28: 0 | CQ28: Not Started | CR28: 0 | CS28: #REF! | CT28: 4.5 | CU28: 8.5 | CV28: 1 | CW28: 4.5 | CX28: 8.5 | CY28: =+A28 -> 25 | DA28: INTERNE | DB28: 6 | DC28: 43282 | DD28: 43466 | DE28: 2.7076923 | DF28: 1.0192308 | DG28: 2.0384615 | DH28: 3.0384615 | DI28: 0.66666667 | DJ28: 3.5384615 | DK28: 8.8461538 | DL28: 8.8038462 | DM28: 12.384615
A29: 26 | B29: 3 | C29: PIGALLE | D29: M3 | E29: Pigalle | F29: Client Order/DO | G29: FIFI - PIGALLE - Client Order/DO | I29: INTERFACE | J29: COMPLEX | M29: JC/3Kles | Q29: Not Started | R29: FIFI - PIGALLE - Client Order/DO - Functional Specification | S29: JC 3Kles TBD | T29: 3 | U29: 3.9 | V29: 43368 | W29: 43371 | AA29: Not Started | AB29: 3 | AC29: 0 | AD29: FIFI - PIGALLE - Client Order/DO - Technical Specification | AE29: 3Kles | AF29: 2 | AG29: 2.6 | AH29: 43376 | AI29: 43378 | AM29: Not Started | AN29: 2 | AO29: 0 | AP29: FIFI - PIGALLE - Client Order/DO - DETAILED TECH SPECIFICATION | AQ29: JC 3Kles TBD | AR29: 1.5 | AS29: 3Kles | AT29: 8 | AU29: 10.4 | AV29: 43381 | AW29: 43395 | BA29: Not Started | BB29: 8 | BC29: 0 | BD29: FIFI - PIGALLE - Client Order/DO - DTS not in M3 | BE29: OHWEE | BF29: 6.5 | BH29: 11.5 | BI29: 14.95 | BO29: Not Started | BP29: 11.5 | BQ29: 0 | BR29: FIFI - PIGALLE - Client Order/DO - Unit Tests | BS29: JC 3Kles TBD | BT29: 2 | BU29: 3Kles | BV29: 2 | BW29: 2.6 | BX29: 43388 | BY29: 43390 | CC29: Not Started | CD29: 2 | CE29: 0 | CF29: FIFI - PIGALLE - Client Order/DO - Integration Tests | CO29: 0 | CQ29: Not Started | CR29: 0 | CS29: #REF! | CT29: 6.5 | CU29: 12 | CV29: 3 | CW29: 6.5 | CX29: 11.5 | CY29: =+A29 -> 26 | DA29: EXTERNE | DB29: 6 | DC29: 43282 | DD29: 43466 | DE29: 19.75 | DF29: 17.538462 | DG29: 34.521795 | DH29: 41.77331 | DI29: 49.076046 | DJ29: 52.666667 | DK29: 77 | DL29: 113.58357 | DM29: 129.66667
A30: 27 | B30: 3 | C30: PIGALLE | D30: M3 | E30: Pigalle | F30: Stock | G30: FIFI - PIGALLE - Stock | I30: INTERFACE | J30: LOW | M30: JC/3Kles | Q30: Not Started | R30: FIFI - PIGALLE - Stock - Functional Specification | S30: JC 3Kles TBD | T30: 1 | U30: 1.3 | V30: 43360 | W30: 43361 | AA30: Not Started | AB30: 1 | AC30: 0 | AD30: FIFI - PIGALLE - Stock - Technical Specification | AE30: 3Kles | AF30: 0.5 | AG30: 0.65 | AH30: 43364 | AI30: 43364 | AM30: Not Started | AN30: 0.5 | AO30: 0 | AP30: FIFI - PIGALLE - Stock - DETAILED TECH SPECIFICATION | AQ30: JC 3Kles TBD | AR30: 0.5 | AS30: 3Kles | AT30: 3 | AU30: 3.9 | AV30: 43369 | AW30: 43374 | BA30: Not Started | BB30: 3 | BC30: 0 | BD30: FIFI - PIGALLE - Stock - DTS not in M3 | BE30: OHWEE | BF30: 2.5 | BH30: 4 | BI30: 5.2 | BO30: Not Started | BP30: 4 | BQ30: 0 | BR30: FIFI - PIGALLE - Stock - Unit Tests | BS30: JC 3Kles TBD | BT30: 1 | BU30: 3Kles | BV30: 1 | BW30: 1.3 | BX30: 43376 | BY30: 43377 | CC30: Not Started | CD30: 1 | CE30: 0 | CF30: FIFI - PIGALLE - Stock - Integration Tests | CO30: 0 | CQ30: Not Started | CR30: 0 | CS30: #REF! | CT30: 2.5 | CU30: 4.5 | CV30: 3 | CW30: 2.5 | CX30: 4 | CY30: =+A30 -> 27 | DA30: EXTERNE BI | DB30: 5 | DC30: 43344 | DD30: 43497 | DE30: 0 | DF30: 0 | DG30: 0 | DH30: 0 | DI30: 4.2857143 | DJ30: 22.597403 | DK30: 6.8181818 | DL30: 0 | DM30: 29.415584
A31: 28 | B31: 3 | C31: PIGALLE | D31: M3 | E31: Pigalle | F31: Master Client | G31: FIFI - PIGALLE - Master Client | I31: INTERFACE | J31: MEDIUM | M31: JC/3Kles | Q31: Not Started | R31: FIFI - PIGALLE - Master Client - Functional Specification | S31: JC 3Kles TBD | T31: 2 | U31: 2.6 | V31: 43361 | W31: 43363 | AA31: Not Started | AB31: 2 | AC31: 0 | AD31: FIFI - PIGALLE - Master Client - Technical Specification | AE31: 3Kles | AF31: 1.5 | AG31: 1.95 | AH31: 43368 | AI31: 43369 | AM31: Not Started | AN31: 1.5 | AO31: 0 | AP31: FIFI - PIGALLE - Master Client - DETAILED TECH SPECIFICATION | AQ31: JC 3Kles TBD | AR31: 1.5 | AS31: 3Kles | AT31: 6 | AU31: 7.8 | AV31: 43371 | AW31: 43382 | BA31: Not Started | BB31: 6 | BC31: 0 | BD31: FIFI - PIGALLE - Master Client - DTS not in M3 | BE31: OHWEE | BF31: 4.5 | BH31: 8.5 | BI31: 11.05 | BO31: Not Started | BP31: 8.5 | BQ31: 0 | BR31: FIFI - PIGALLE - Master Client - Unit Tests | BS31: JC 3Kles TBD | BT31: 1 | BU31: 3Kles | BV31: 1 | BW31: 1.3 | BX31: 43378 | BY31: 43381 | CC31: Not Started | CD31: 1 | CE31: 0 | CF31: FIFI - PIGALLE - Master Client - Integration Tests | CO31: 0 | CQ31: Not Started | CR31: 0 | CS31: #REF! | CT31: 4.5 | CU31: 8.5 | CV31: 3 | CW31: 4.5 | CX31: 8.5 | CY31: =+A31 -> 28 | DA31: TOTAL | DE31: 22.457692 | DF31: 18.557692 | DG31: 36.560256 | DH31: 44.811772 | DI31: 54.028427 | DJ31: 78.802531 | DK31: 92.664336 | DL31: 122.38741 | DM31: 171.46687 | DN31: 0 | DO31: 0
A32: 29 | B32: 3 | C32: PIGALLE | D32: M3 | E32: Pigalle | F32: Assortment | G32: FIFI - PIGALLE - Assortment | I32: INTERFACE | J32: MEDIUM | M32: JC/3Kles | Q32: Not Started | R32: FIFI - PIGALLE - Assortment - Functional Specification | S32: JC 3Kles TBD | T32: 2 | U32: 2.6 | V32: 43363 | W32: 43367 | AA32: Not Started | AB32: 2 | AC32: 0 | AD32: FIFI - PIGALLE - Assortment - Technical Specification | AE32: 3Kles | AF32: 1.5 | AG32: 1.95 | AH32: 43370 | AI32: 43371 | AM32: Not Started | AN32: 1.5 | AO32: 0 | AP32: FIFI - PIGALLE - Assortment - DETAILED TECH SPECIFICATION | AQ32: JC 3Kles TBD | AR32: 1.5 | AS32: 3Kles | AT32: 6 | AU32: 7.8 | AV32: 43375 | AW32: 43384 | BA32: Not Started | BB32: 6 | BC32: 0 | BD32: FIFI - PIGALLE - Assortment - DTS not in M3 | BE32: OHWEE | BF32: 4.5 | BH32: 8.5 | BI32: 11.05 | BO32: Not Started | BP32: 8.5 | BQ32: 0 | BR32: FIFI - PIGALLE - Assortment - Unit Tests | BS32: JC 3Kles TBD | BT32: 1 | BU32: 3Kles | BV32: 1 | BW32: 1.3 | BX32: 43382 | BY32: 43383 | CC32: Not Started | CD32: 1 | CE32: 0 | CF32: FIFI - PIGALLE - Assortment - Integration Tests | CO32: 0 | CQ32: Not Started | CR32: 0 | CS32: #REF! | CT32: 4.5 | CU32: 8.5 | CV32: 3 | CW32: 4.5 | CX32: 8.5 | CY32: =+A32 -> 29 | DA32: ETP | DE32: 1.2476496 | DF32: 1.0309829 | DG32: 2.0311254 | DH32: 2.4895429 | DI32: 3.0015793 | DJ32: 4.3779184 | DK32: 5.1480186 | DL32: 6.7993007 | DM32: 9.525937 | DN32: 0 | DO32: 0
A33: 30 | B33: 3 | C33: PIGALLE | D33: Pigalle | E33: M3 | F33: Allocation/Unallocation | G33: FIFI - PIGALLE - Allocation/Unallocation | I33: INTERFACE | J33: MEDIUM | M33: JC/3Kles | Q33: Not Started | R33: FIFI - PIGALLE - Allocation/Unallocation - Functional Specification | S33: JC 3Kles TBD | T33: 2 | U33: 2.6 | V33: 43374 | W33: 43376 | AA33: Not Started | AB33: 2 | AC33: 0 | AD33: FIFI - PIGALLE - Allocation/Unallocation - Technical Specification | AE33: 3Kles | AF33: 1.5 | AG33: 1.95 | AH33: 43381 | AI33: 43382 | AM33: Not Started | AN33: 1.5 | AO33: 0 | AP33: FIFI - PIGALLE - Allocation/Unallocation - DETAILED TECH SPECIFICATION | AQ33: JC 3Kles TBD | AR33: 1.5 | AS33: 3Kles | AT33: 6 | AU33: 7.8 | AV33: 43384 | AW33: 43395 | BA33: Not Started | BB33: 6 | BC33: 0 | BD33: FIFI - PIGALLE - Allocation/Unallocation - DTS not in M3 | BE33: OHWEE | BF33: 4.5 | BH33: 8.5 | BI33: 11.05 | BO33: Not Started | BP33: 8.5 | BQ33: 0 | BR33: FIFI - PIGALLE - Allocation/Unallocation - Unit Tests | BS33: JC 3Kles TBD | BT33: 1 | BU33: 3Kles | BV33: 1 | BW33: 1.3 | BX33: 43391 | BY33: 43392 | CC33: Not Started | CD33: 1 | CE33: 0 | CF33: FIFI - PIGALLE - Allocation/Unallocation - Integration Tests | CO33: 0 | CQ33: Not Started | CR33: 0 | CS33: #REF! | CT33: 4.5 | CU33: 8.5 | CV33: 3 | CW33: 4.5 | CX33: 8.5 | CY33: =+A33 -> 30
A34: 31 | B34: 2 | C34: LOUIS | D34: M3 | E34: Louis | F34: Purchase Order | G34: FIFI - LOUIS - Purchase Order | H34: Creation/Update/Cancellation | I34: INTERFACE | J34: COMPLEX | M34: Arnaud+CL | Q34: Not Started | R34: FIFI - LOUIS - Purchase Order - Functional Specification | S34: Arnaud | T34: 3 | U34: 3.9 | V34: 43308 | W34: 43313 | AA34: Not Started | AB34: 3 | AC34: 0 | AD34: FIFI - LOUIS - Purchase Order - Technical Specification | AE34: 3Kles | AF34: 2 | AG34: 2.6 | AH34: 43318 | AI34: 43320 | AM34: Not Started | AN34: 2 | AO34: 0 | AP34: FIFI - LOUIS - Purchase Order - DETAILED TECH SPECIFICATION | AQ34: Arnaud | AR34: 1.5 | AS34: 3Kles | AT34: 8 | AU34: 10.4 | AV34: 43321 | AW34: 43336 | BA34: Not Started | BB34: 8 | BC34: 0 | BD34: FIFI - LOUIS - Purchase Order - DTS not in M3 | BE34: Sysdat | BF34: 6.5 | BH34: 11.5 | BI34: 14.95 | BO34: Not Started | BP34: 11.5 | BQ34: 0 | BR34: FIFI - LOUIS - Purchase Order - Unit Tests | BS34: Arnaud | BT34: 2 | BU34: 3Kles | BV34: 2 | BW34: 2.6 | BX34: 43329 | BY34: 43333 | CC34: Not Started | CD34: 2 | CE34: 0 | CF34: FIFI - LOUIS - Purchase Order - Integration Tests | CO34: 0 | CQ34: Not Started | CR34: 0 | CS34: #REF! | CT34: 6.5 | CU34: 12 | CV34: 2 | CW34: 6.5 | CX34: 11.5 | CY34: =+A34 -> 31 | DA34: ETP | DE34: 0 | DF34: 0 | DG34: 0 | DH34: 0 | DI34: 0 | DJ34: 0.026234568 | DK34: 0.026234568 | DL34: 0.026234568 | DM34: 0.026234568 | DN34: 0.026234568 | DO34: 0
A35: 32 | B35: 2 | C35: LOUIS | D35: Louis | E35: M3 | F35: PO Confirmation | G35: FIFI - LOUIS - PO Confirmation | H35: Creation/Update | I35: INTERFACE | J35: COMPLEX | M35: Arnaud+CL | Q35: Not Started | R35: FIFI - LOUIS - PO Confirmation - Functional Specification | S35: Arnaud | T35: 3 | U35: 3.9 | V35: 43308 | W35: 43313 | AA35: Not Started | AB35: 3 | AC35: 0 | AD35: FIFI - LOUIS - PO Confirmation - Technical Specification | AE35: 3Kles | AF35: 2 | AG35: 2.6 | AH35: 43318 | AI35: 43320 | AM35: Not Started | AN35: 2 | AO35: 0 | AP35: FIFI - LOUIS - PO Confirmation - DETAILED TECH SPECIFICATION | AQ35: Arnaud | AR35: 1.5 | AS35: 3Kles | AT35: 8 | AU35: 10.4 | AV35: 43321 | AW35: 43336 | BA35: Not Started | BB35: 8 | BC35: 0 | BD35: FIFI - LOUIS - PO Confirmation - DTS not in M3 | BE35: Sysdat | BF35: 6.5 | BH35: 11.5 | BI35: 14.95 | BO35: Not Started | BP35: 11.5 | BQ35: 0 | BR35: FIFI - LOUIS - PO Confirmation - Unit Tests | BS35: Arnaud | BT35: 2 | BU35: 3Kles | BV35: 2 | BW35: 2.6 | BX35: 43329 | BY35: 43333 | CC35: Not Started | CD35: 2 | CE35: 0 | CF35: FIFI - LOUIS - PO Confirmation - Integration Tests | CO35: 0 | CQ35: Not Started | CR35: 0 | CS35: #REF! | CT35: 6.5 | CU35: 12 | CV35: 2 | CW35: 6.5 | CX35: 11.5 | CY35: =+A35 -> 32 | DA35: 42.5
A36: 33 | B36: 2 | C36: EXPERIENCE | D36: M3 | E36: Experience | F36: Product | G36: FIFI - EXPERIENCE - Product | H36: Creation/Update | I36: INTERFACE | J36: MEDIUM | M36: 3Kles | Q36: Not Started | R36: FIFI - EXPERIENCE - Product - Functional Specification | S36: Arnaud | T36: 2 | U36: 2.6 | V36: 43311 | W36: 43313 | AA36: Not Started | AB36: 2 | AC36: 0 | AD36: FIFI - EXPERIENCE - Product - Technical Specification | AE36: 3Kles | AF36: 1.5 | AG36: 1.95 | AH36: 43318 | AI36: 43319 | AM36: Not Started | AN36: 1.5 | AO36: 0 | AP36: FIFI - EXPERIENCE - Product - DETAILED TECH SPECIFICATION | AQ36: Arnaud | AR36: 1.5 | AS36: 3Kles | AT36: 6 | AU36: 7.8 | AV36: 43321 | AW36: 43333 | BA36: Not Started | BB36: 6 | BC36: 0 | BD36: FIFI - EXPERIENCE - Product - DTS not in M3 | BE36: Sysdat | BF36: 4.5 | BH36: 8.5 | BI36: 11.05 | BO36: Not Started | BP36: 8.5 | BQ36: 0 | BR36: FIFI - EXPERIENCE - Product - Unit Tests | BS36: Arnaud | BT36: 1 | BU36: 3Kles | BV36: 1 | BW36: 1.3 | BX36: 43329 | BY36: 43332 | CC36: Not Started | CD36: 1 | CE36: 0 | CF36: FIFI - EXPERIENCE - Product - Integration Tests | CO36: 0 | CQ36: Not Started | CR36: 0 | CS36: #REF! | CT36: 4.5 | CU36: 8.5 | CV36: 2 | CW36: 4.5 | CX36: 8.5 | CY36: =+A36 -> 33 | CZ36: 3 | DA36: 42.5 | DB36: 5 | DC36: 43344 | DD36: 43497 | DJ36: 8.5 | DK36: 8.5 | DL36: 8.5 | DM36: 8.5 | DN36: 8.5
A37: 34 | B37: 2 | C37: EXPERIENCE | D37: M3 | E37: Experience | F37: Master Supplier | G37: FIFI - EXPERIENCE - Master Supplier | H37: Creation/Update | I37: INTERFACE | J37: MEDIUM | M37: 3Kles | Q37: Not Started | R37: FIFI - EXPERIENCE - Master Supplier - Functional Specification | S37: Arnaud | T37: 2 | U37: 2.6 | V37: 43315 | W37: 43319 | AA37: Not Started | AB37: 2 | AC37: 0 | AD37: FIFI - EXPERIENCE - Master Supplier - Technical Specification | AE37: 3Kles | AF37: 1.5 | AG37: 1.95 | AH37: 43322 | AI37: 43325 | AM37: Not Started | AN37: 1.5 | AO37: 0 | AP37: FIFI - EXPERIENCE - Master Supplier - DETAILED TECH SPECIFICATION | AQ37: Arnaud | AR37: 1.5 | AS37: 3Kles | AT37: 6 | AU37: 7.8 | AV37: 43328 | AW37: 43339 | BA37: Not Started | BB37: 6 | BC37: 0 | BD37: FIFI - EXPERIENCE - Master Supplier - DTS not in M3 | BE37: Sysdat | BF37: 4.5 | BH37: 8.5 | BI37: 11.05 | BO37: Not Started | BP37: 8.5 | BQ37: 0 | BR37: FIFI - EXPERIENCE - Master Supplier - Unit Tests | BS37: Arnaud | BT37: 1 | BU37: 3Kles | BV37: 1 | BW37: 1.3 | BX37: 43335 | BY37: 43336 | CC37: Not Started | CD37: 1 | CE37: 0 | CF37: FIFI - EXPERIENCE - Master Supplier - Integration Tests | CO37: 0 | CQ37: Not Started | CR37: 0 | CS37: #REF! | CT37: 4.5 | CU37: 8.5 | CV37: 2 | CW37: 4.5 | CX37: 8.5 | CY37: =+A37 -> 34 | DA37: TOTAL | DE37: 0 | DF37: 0 | DG37: 0 | DH37: 0 | DI37: 0 | DJ37: 8.5 | DK37: 8.5 | DL37: 8.5 | DM37: 8.5 | DN37: 8.5 | DO37: 0
A38: 35 | B38: 2 | C38: EXPERIENCE | D38: M3 | E38: Experience | F38: Master Customer | G38: FIFI - EXPERIENCE - Master Customer | H38: Creation/Update | I38: INTERFACE | J38: MEDIUM | M38: 3Kles | Q38: Not Started | R38: FIFI - EXPERIENCE - Master Customer - Functional Specification | S38: Arnaud | T38: 2 | U38: 2.6 | V38: 43320 | W38: 43322 | AA38: Not Started | AB38: 2 | AC38: 0 | AD38: FIFI - EXPERIENCE - Master Customer - Technical Specification | AE38: 3Kles | AF38: 1.5 | AG38: 1.95 | AH38: 43328 | AI38: 43329 | AM38: Not Started | AN38: 1.5 | AO38: 0 | AP38: FIFI - EXPERIENCE - Master Customer - DETAILED TECH SPECIFICATION | AQ38: Arnaud | AR38: 1.5 | AS38: 3Kles | AT38: 6 | AU38: 7.8 | AV38: 43333 | AW38: 43342 | BA38: Not Started | BB38: 6 | BC38: 0 | BD38: FIFI - EXPERIENCE - Master Customer - DTS not in M3 | BE38: Sysdat | BF38: 4.5 | BH38: 8.5 | BI38: 11.05 | BO38: Not Started | BP38: 8.5 | BQ38: 0 | BR38: FIFI - EXPERIENCE - Master Customer - Unit Tests | BS38: Arnaud | BT38: 1 | BU38: 3Kles | BV38: 1 | BW38: 1.3 | BX38: 43340 | BY38: 43341 | CC38: Not Started | CD38: 1 | CE38: 0 | CF38: FIFI - EXPERIENCE - Master Customer - Integration Tests | CO38: 0 | CQ38: Not Started | CR38: 0 | CS38: #REF! | CT38: 4.5 | CU38: 8.5 | CV38: 2 | CW38: 4.5 | CX38: 8.5 | CY38: =+A38 -> 35 | DA38: ETP | DE38: 0 | DF38: 0 | DG38: 0 | DH38: 0 | DI38: 0 | DJ38: 0.47222222 | DK38: 0.47222222 | DL38: 0.47222222 | DM38: 0.47222222 | DN38: 0.47222222 | DO38: 0
A39: 36 | B39: 2 | C39: EXPERIENCE | D39: Experience | E39: M3 | F39: PO Reception | G39: FIFI - EXPERIENCE - PO Reception | H39: Creation | I39: INTERFACE | J39: COMPLEX | M39: Arnaud+CL | Q39: Not Started | R39: FIFI - EXPERIENCE - PO Reception - Functional Specification | S39: Arnaud | T39: 3 | U39: 3.9 | V39: 43327 | W39: 43332 | AA39: Not Started | AB39: 3 | AC39: 0 | AD39: FIFI - EXPERIENCE - PO Reception - Technical Specification | AE39: 3Kles | AF39: 2 | AG39: 2.6 | AH39: 43335 | AI39: 43339 | AM39: Not Started | AN39: 2 | AO39: 0 | AP39: FIFI - EXPERIENCE - PO Reception - DETAILED TECH SPECIFICATION | AQ39: Arnaud | AR39: 1.5 | AS39: 3Kles | AT39: 8 | AU39: 10.4 | AV39: 43340 | AW39: 43354 | BA39: Not Started | BB39: 8 | BC39: 0 | BD39: FIFI - EXPERIENCE - PO Reception - DTS not in M3 | BE39: Sysdat | BF39: 6.5 | BH39: 11.5 | BI39: 14.95 | BO39: Not Started | BP39: 11.5 | BQ39: 0 | BR39: FIFI - EXPERIENCE - PO Reception - Unit Tests | BS39: Arnaud | BT39: 2 | BU39: 3Kles | BV39: 2 | BW39: 2.6 | BX39: 43347 | BY39: 43349 | CC39: Not Started | CD39: 2 | CE39: 0 | CF39: FIFI - EXPERIENCE - PO Reception - Integration Tests | CO39: 0 | CQ39: Not Started | CR39: 0 | CS39: #REF! | CT39: 6.5 | CU39: 12 | CV39: 2 | CW39: 6.5 | CX39: 11.5 | CY39: =+A39 -> 36 | DA39: 42.5
A40: 37 | B40: 2 | C40: EXPERIENCE | D40: M3 | E40: Experience | F40: Supplier Return | G40: FIFI - EXPERIENCE - Supplier Return | H40: Creation | I40: INTERFACE | J40: COMPLEX | M40: Arnaud+CL | Q40: Not Started | R40: FIFI - EXPERIENCE - Supplier Return - Functional Specification | S40: Arnaud | T40: 3 | U40: 3.9 | AA40: Not Started | AB40: 3 | AC40: 0 | AD40: FIFI - EXPERIENCE - Supplier Return - Technical Specification | AE40: 3Kles | AF40: 2 | AG40: 2.6 | AM40: Not Started | AN40: 2 | AO40: 0 | AP40: FIFI - EXPERIENCE - Supplier Return - DETAILED TECH SPECIFICATION | AQ40: Arnaud | AR40: 1.5 | AS40: 3Kles | AT40: 8 | AU40: 10.4 | BA40: Not Started | BB40: 8 | BC40: 0 | BD40: FIFI - EXPERIENCE - Supplier Return - DTS not in M3 | BE40: Sysdat | BF40: 6.5 | BH40: 11.5 | BI40: 14.95 | BO40: Not Started | BP40: 11.5 | BQ40: 0 | BR40: FIFI - EXPERIENCE - Supplier Return - Unit Tests | BS40: Arnaud | BT40: 2 | BU40: 3Kles | BV40: 2 | BW40: 2.6 | CC40: Not Started | CD40: 2 | CE40: 0 | CF40: FIFI - EXPERIENCE - Supplier Return - Integration Tests | CO40: 0 | CQ40: Not Started | CR40: 0 | CS40: #REF! | CT40: 6.5 | CU40: 12 | CV40: 2 | CW40: 6.5 | CX40: 11.5 | CY40: =+A40 -> 37 | DA40: ETP | DE40: 0 | DF40: 0 | DG40: 0 | DH40: 0 | DI40: 0 | DJ40: 0 | DK40: 0 | DL40: 0 | DM40: 0 | DN40: 0 | DO40: 0
A41: 38 | B41: 2 | C41: EXPERIENCE | D41: M3 | E41: Experience | F41: DO | G41: FIFI - EXPERIENCE - DO | I41: INTERFACE | J41: MEDIUM | M41: AMB+3Kles | Q41: Not Started | R41: FIFI - EXPERIENCE - DO - Functional Specification | S41: Arnaud | T41: 2 | U41: 2.6 | V41: 43406 | W41: 43410 | AA41: Not Started | AB41: 2 | AC41: 0 | AD41: FIFI - EXPERIENCE - DO - Technical Specification | AE41: 3Kles | AF41: 1.5 | AG41: 1.95 | AH41: 43413 | AI41: 43416 | AM41: Not Started | AN41: 1.5 | AO41: 0 | AP41: FIFI - EXPERIENCE - DO - DETAILED TECH SPECIFICATION | AQ41: Arnaud | AR41: 1.5 | AS41: 3Kles | AT41: 6 | AU41: 7.8 | AV41: 43418 | AW41: 43427 | BA41: Not Started | BB41: 6 | BC41: 0 | BD41: FIFI - EXPERIENCE - DO - DTS not in M3 | BE41: Sysdat | BF41: 4.5 | BH41: 8.5 | BI41: 11.05 | BO41: Not Started | BP41: 8.5 | BQ41: 0 | BR41: FIFI - EXPERIENCE - DO - Unit Tests | BS41: Arnaud | BT41: 1 | BU41: 3Kles | BV41: 1 | BW41: 1.3 | BX41: 43425 | BY41: 43426 | CC41: Not Started | CD41: 1 | CE41: 0 | CF41: FIFI - EXPERIENCE - DO - Integration Tests | CO41: 0 | CQ41: Not Started | CR41: 0 | CS41: #REF! | CT41: 4.5 | CU41: 8.5 | CV41: 2 | CW41: 4.5 | CX41: 8.5 | CY41: =+A41 -> 38 | DA41: ETP | DE41: 0 | DF41: 0 | DG41: 0 | DH41: 0 | DI41: 0 | DJ41: 0 | DK41: 0 | DL41: 0 | DM41: 0 | DN41: 0 | DO41: 0
A42: 39 | B42: 2 | C42: EXPERIENCE | D42: Experience | E42: M3 | F42: DO Reception | G42: FIFI - EXPERIENCE - DO Reception | I42: INTERFACE | J42: MEDIUM | M42: AMB+3Kles | Q42: Not Started | R42: FIFI - EXPERIENCE - DO Reception - Functional Specification | S42: Anne-Marie 3Kles TBD | T42: 2 | U42: 2.6 | V42: 43406 | W42: 43410 | AA42: Not Started | AB42: 2 | AC42: 0 | AD42: FIFI - EXPERIENCE - DO Reception - Technical Specification | AE42: 3Kles | AF42: 1.5 | AG42: 1.95 | AH42: 43413 | AI42: 43416 | AM42: Not Started | AN42: 1.5 | AO42: 0 | AP42: FIFI - EXPERIENCE - DO Reception - DETAILED TECH SPECIFICATION | AQ42: Anne-Marie 3Kles TBD | AR42: 1.5 | AS42: 3Kles | AT42: 6 | AU42: 7.8 | AV42: 43418 | AW42: 43427 | BA42: Not Started | BB42: 6 | BC42: 0 | BD42: FIFI - EXPERIENCE - DO Reception - DTS not in M3 | BE42: Sysdat | BF42: 4.5 | BH42: 8.5 | BI42: 11.05 | BO42: Not Started | BP42: 8.5 | BQ42: 0 | BR42: FIFI - EXPERIENCE - DO Reception - Unit Tests | BS42: Anne-Marie 3Kles TBD | BT42: 1 | BU42: 3Kles | BV42: 1 | BW42: 1.3 | BX42: 43425 | BY42: 43426 | CC42: Not Started | CD42: 1 | CE42: 0 | CF42: FIFI - EXPERIENCE - DO Reception - Integration Tests | CO42: 0 | CQ42: Not Started | CR42: 0 | CS42: #REF! | CT42: 4.5 | CU42: 8.5 | CV42: 2 | CW42: 4.5 | CX42: 8.5 | CY42: =+A42 -> 39
A43: 40 | B43: 2 | C43: EXPERIENCE | D43: M3 | E43: Experience | F43: Picking List | G43: FIFI - EXPERIENCE - Picking List | I43: INTERFACE | J43: MEDIUM | M43: AMB+3Kles | Q43: Not Started | R43: FIFI - EXPERIENCE - Picking List - Functional Specification | S43: Anne-Marie 3Kles TBD | T43: 2 | U43: 2.6 | V43: 43406 | W43: 43410 | AA43: Not Started | AB43: 2 | AC43: 0 | AD43: FIFI - EXPERIENCE - Picking List - Technical Specification | AE43: 3Kles | AF43: 1.5 | AG43: 1.95 | AH43: 43413 | AI43: 43416 | AM43: Not Started | AN43: 1.5 | AO43: 0 | AP43: FIFI - EXPERIENCE - Picking List - DETAILED TECH SPECIFICATION | AQ43: Anne-Marie 3Kles TBD | AR43: 1.5 | AS43: 3Kles | AT43: 6 | AU43: 7.8 | AV43: 43418 | AW43: 43427 | BA43: Not Started | BB43: 6 | BC43: 0 | BD43: FIFI - EXPERIENCE - Picking List - DTS not in M3 | BE43: Sysdat | BF43: 4.5 | BH43: 8.5 | BI43: 11.05 | BO43: Not Started | BP43: 8.5 | BQ43: 0 | BR43: FIFI - EXPERIENCE - Picking List - Unit Tests | BS43: Anne-Marie 3Kles TBD | BT43: 1 | BU43: 3Kles | BV43: 1 | BW43: 1.3 | BX43: 43425 | BY43: 43426 | CC43: Not Started | CD43: 1 | CE43: 0 | CF43: FIFI - EXPERIENCE - Picking List - Integration Tests | CO43: 0 | CQ43: Not Started | CR43: 0 | CS43: #REF! | CT43: 4.5 | CU43: 8.5 | CV43: 2 | CW43: 4.5 | CX43: 8.5 | CY43: =+A43 -> 40 | CZ43: LOT | DA43: WORKLOAD DEV. HORS M3 | DB43: Durée | DC43: Mois départ | DD43: Mois Fin | DE43: 43191 | DF43: 43221 | DG43: 43252 | DH43: 43282 | DI43: 43313 | DJ43: 43344 | DK43: 43374 | DL43: 43405 | DM43: 43435 | DN43: 43466 | DO43: 43497
A44: 41 | B44: 2 | C44: EXPERIENCE | D44: Experience | E44: M3 | F44: Pick&packing | G44: FIFI - EXPERIENCE - Pick&packing | I44: INTERFACE | J44: MEDIUM | M44: AMB+3Kles | Q44: Not Started | R44: FIFI - EXPERIENCE - Pick&packing - Functional Specification | S44: Anne-Marie 3Kles TBD | T44: 2 | U44: 2.6 | V44: 43406 | W44: 43410 | AA44: Not Started | AB44: 2 | AC44: 0 | AD44: FIFI - EXPERIENCE - Pick&packing - Technical Specification | AE44: 3Kles | AF44: 1.5 | AG44: 1.95 | AH44: 43413 | AI44: 43416 | AM44: Not Started | AN44: 1.5 | AO44: 0 | AP44: FIFI - EXPERIENCE - Pick&packing - DETAILED TECH SPECIFICATION | AQ44: Anne-Marie 3Kles TBD | AR44: 1.5 | AS44: 3Kles | AT44: 6 | AU44: 7.8 | AV44: 43418 | AW44: 43427 | BA44: Not Started | BB44: 6 | BC44: 0 | BD44: FIFI - EXPERIENCE - Pick&packing - DTS not in M3 | BE44: Sysdat | BF44: 4.5 | BH44: 8.5 | BI44: 11.05 | BO44: Not Started | BP44: 8.5 | BQ44: 0 | BR44: FIFI - EXPERIENCE - Pick&packing - Unit Tests | BS44: Anne-Marie 3Kles TBD | BT44: 1 | BU44: 3Kles | BV44: 1 | BW44: 1.3 | BX44: 43425 | BY44: 43426 | CC44: Not Started | CD44: 1 | CE44: 0 | CF44: FIFI - EXPERIENCE - Pick&packing - Integration Tests | CO44: 0 | CQ44: Not Started | CR44: 0 | CS44: #REF! | CT44: 4.5 | CU44: 8.5 | CV44: 2 | CW44: 4.5 | CX44: 8.5 | CY44: =+A44 -> 41 | CZ44: LOT | DA44: WORKLOAD DEV. HORS M3 | DB44: Durée | DC44: Mois départ | DD44: Mois Fin | DE44: 43191 | DF44: 43221 | DG44: 43252 | DH44: 43282 | DI44: 43313 | DJ44: 43344 | DK44: 43374 | DL44: 43405 | DM44: 43435 | DN44: 43466 | DO44: 43497
A45: 42 | B45: 2 | C45: EXPERIENCE | D45: Experience | E45: M3 | F45: Releasing the stock | G45: FIFI - EXPERIENCE - Releasing the stock | I45: INTERFACE | J45: MEDIUM | M45: AMB+3Kles | Q45: Not Started | R45: FIFI - EXPERIENCE - Releasing the stock - Functional Specification | S45: Anne-Marie 3Kles TBD | T45: 2 | U45: 2.6 | V45: 43406 | W45: 43410 | AA45: Not Started | AB45: 2 | AC45: 0 | AD45: FIFI - EXPERIENCE - Releasing the stock - Technical Specification | AE45: 3Kles | AF45: 1.5 | AG45: 1.95 | AH45: 43413 | AI45: 43416 | AM45: Not Started | AN45: 1.5 | AO45: 0 | AP45: FIFI - EXPERIENCE - Releasing the stock - DETAILED TECH SPECIFICATION | AQ45: Anne-Marie 3Kles TBD | AR45: 1.5 | AS45: 3Kles | AT45: 6 | AU45: 7.8 | AV45: 43418 | AW45: 43427 | BA45: Not Started | BB45: 6 | BC45: 0 | BD45: FIFI - EXPERIENCE - Releasing the stock - DTS not in M3 | BE45: Sysdat | BF45: 4.5 | BH45: 8.5 | BI45: 11.05 | BO45: Not Started | BP45: 8.5 | BQ45: 0 | BR45: FIFI - EXPERIENCE - Releasing the stock - Unit Tests | BS45: Anne-Marie 3Kles TBD | BT45: 1 | BU45: 3Kles | BV45: 1 | BW45: 1.3 | BX45: 43425 | BY45: 43426 | CC45: Not Started | CD45: 1 | CE45: 0 | CF45: FIFI - EXPERIENCE - Releasing the stock - Integration Tests | CO45: 0 | CQ45: Not Started | CR45: 0 | CS45: #REF! | CT45: 4.5 | CU45: 8.5 | CV45: 2 | CW45: 4.5 | CX45: 8.5 | CY45: =+A45 -> 42 | CZ45: 1 | DA45: 192 | DB45: 6 | DC45: 43313 | DD45: 43497 | DI45: 21.333333 | DJ45: 32 | DK45: 32 | DL45: 32 | DM45: 32 | DN45: 32
A46: 43 | B46: 2 | C46: EXPERIENCE | D46: Experience | E46: M3 | F46: Expedition creation | G46: FIFI - EXPERIENCE - Expedition creation | I46: INTERFACE | J46: MEDIUM | M46: AMB+3Kles | Q46: Not Started | R46: FIFI - EXPERIENCE - Expedition creation - Functional Specification | S46: Anne-Marie 3Kles TBD | T46: 2 | U46: 2.6 | V46: 43406 | W46: 43410 | AA46: Not Started | AB46: 2 | AC46: 0 | AD46: FIFI - EXPERIENCE - Expedition creation - Technical Specification | AE46: 3Kles | AF46: 1.5 | AG46: 1.95 | AH46: 43413 | AI46: 43416 | AM46: Not Started | AN46: 1.5 | AO46: 0 | AP46: FIFI - EXPERIENCE - Expedition creation - DETAILED TECH SPECIFICATION | AQ46: Anne-Marie 3Kles TBD | AR46: 1.5 | AS46: 3Kles | AT46: 6 | AU46: 7.8 | AV46: 43418 | AW46: 43427 | BA46: Not Started | BB46: 6 | BC46: 0 | BD46: FIFI - EXPERIENCE - Expedition creation - DTS not in M3 | BE46: Sysdat | BF46: 4.5 | BH46: 8.5 | BI46: 11.05 | BO46: Not Started | BP46: 8.5 | BQ46: 0 | BR46: FIFI - EXPERIENCE - Expedition creation - Unit Tests | BS46: Anne-Marie 3Kles TBD | BT46: 1 | BU46: 3Kles | BV46: 1 | BW46: 1.3 | BX46: 43425 | BY46: 43426 | CC46: Not Started | CD46: 1 | CE46: 0 | CF46: FIFI - EXPERIENCE - Expedition creation - Integration Tests | CO46: 0 | CQ46: Not Started | CR46: 0 | CS46: #REF! | CT46: 4.5 | CU46: 8.5 | CV46: 2 | CW46: 4.5 | CX46: 8.5 | CY46: =+A46 -> 43 | DA46: 127.5
A47: 44 | B47: 2 | C47: EXPERIENCE | D47: M3 | E47: Experience | F47: Customer Return | G47: FIFI - EXPERIENCE - Customer Return | I47: INTERFACE | J47: MEDIUM | M47: AMB+3Kles | Q47: Not Started | R47: FIFI - EXPERIENCE - Customer Return - Functional Specification | S47: Anne-Marie 3Kles TBD | T47: 2 | U47: 2.6 | V47: 43406 | W47: 43410 | AA47: Not Started | AB47: 2 | AC47: 0 | AD47: FIFI - EXPERIENCE - Customer Return - Technical Specification | AE47: 3Kles | AF47: 1.5 | AG47: 1.95 | AH47: 43413 | AI47: 43416 | AM47: Not Started | AN47: 1.5 | AO47: 0 | AP47: FIFI - EXPERIENCE - Customer Return - DETAILED TECH SPECIFICATION | AQ47: Anne-Marie 3Kles TBD | AR47: 1.5 | AS47: 3Kles | AT47: 6 | AU47: 7.8 | AV47: 43418 | AW47: 43427 | BA47: Not Started | BB47: 6 | BC47: 0 | BD47: FIFI - EXPERIENCE - Customer Return - DTS not in M3 | BE47: Sysdat | BF47: 4.5 | BH47: 8.5 | BI47: 11.05 | BO47: Not Started | BP47: 8.5 | BQ47: 0 | BR47: FIFI - EXPERIENCE - Customer Return - Unit Tests | BS47: Anne-Marie 3Kles TBD | BT47: 1 | BU47: 3Kles | BV47: 1 | BW47: 1.3 | BX47: 43425 | BY47: 43426 | CC47: Not Started | CD47: 1 | CE47: 0 | CF47: FIFI - EXPERIENCE - Customer Return - Integration Tests | CO47: 0 | CQ47: Not Started | CR47: 0 | CS47: #REF! | CT47: 4.5 | CU47: 8.5 | CV47: 2 | CW47: 4.5 | CX47: 8.5 | CY47: =+A47 -> 44 | DA47: 127.5
A48: 45 | B48: 2 | C48: EXPERIENCE | D48: Experience | E48: M3 | F48: Reception+QC of Customer Return | G48: FIFI - EXPERIENCE - Reception+QC of Customer Retunr | I48: INTERFACE | J48: MEDIUM | M48: AMB+3Kles | Q48: Not Started | R48: FIFI - EXPERIENCE - Reception+QC of Customer Retunr - Functional Specification | S48: Anne-Marie 3Kles TBD | T48: 2 | U48: 2.6 | V48: 43406 | W48: 43410 | AA48: Not Started | AB48: 2 | AC48: 0 | AD48: FIFI - EXPERIENCE - Reception+QC of Customer Retunr - Technical Specification | AE48: 3Kles | AF48: 1.5 | AG48: 1.95 | AH48: 43413 | AI48: 43416 | AM48: Not Started | AN48: 1.5 | AO48: 0 | AP48: FIFI - EXPERIENCE - Reception+QC of Customer Retunr - DETAILED TECH SPECIFICATION | AQ48: Anne-Marie 3Kles TBD | AR48: 1.5 | AS48: 3Kles | AT48: 6 | AU48: 7.8 | AV48: 43418 | AW48: 43427 | BA48: Not Started | BB48: 6 | BC48: 0 | BD48: FIFI - EXPERIENCE - Reception+QC of Customer Retunr - DTS not in M3 | BE48: Sysdat | BF48: 4.5 | BH48: 8.5 | BI48: 11.05 | BO48: Not Started | BP48: 8.5 | BQ48: 0 | BR48: FIFI - EXPERIENCE - Reception+QC of Customer Retunr - Unit Tests | BS48: Anne-Marie 3Kles TBD | BT48: 1 | BU48: 3Kles | BV48: 1 | BW48: 1.3 | BX48: 43425 | BY48: 43426 | CC48: Not Started | CD48: 1 | CE48: 0 | CF48: FIFI - EXPERIENCE - Reception+QC of Customer Retunr - Integration Tests | CO48: 0 | CQ48: Not Started | CR48: 0 | CS48: #REF! | CT48: 4.5 | CU48: 8.5 | CV48: 2 | CW48: 4.5 | CX48: 8.5 | CY48: =+A48 -> 45 | CZ48: 2 | DA48: 228.5 | DB48: 6 | DC48: 43313 | DD48: 43497 | DI48: 25.388889 | DJ48: 38.083333 | DK48: 38.083333 | DL48: 38.083333 | DM48: 38.083333 | DN48: 38.083333
A49: 46 | B49: 2 | C49: EXPERIENCE | D49: Experience | E49: M3 | F49: Inventory+variance | G49: FIFI - EXPERIENCE - Inventory+variance | I49: INTERFACE | J49: MEDIUM | M49: AMB+3Kles | Q49: Not Started | R49: FIFI - EXPERIENCE - Inventory+variance - Functional Specification | S49: Anne-Marie 3Kles TBD | T49: 2 | U49: 2.6 | V49: 43406 | W49: 43410 | AA49: Not Started | AB49: 2 | AC49: 0 | AD49: FIFI - EXPERIENCE - Inventory+variance - Technical Specification | AE49: 3Kles | AF49: 1.5 | AG49: 1.95 | AH49: 43413 | AI49: 43416 | AM49: Not Started | AN49: 1.5 | AO49: 0 | AP49: FIFI - EXPERIENCE - Inventory+variance - DETAILED TECH SPECIFICATION | AQ49: Anne-Marie 3Kles TBD | AR49: 1.5 | AS49: 3Kles | AT49: 6 | AU49: 7.8 | AV49: 43418 | AW49: 43427 | BA49: Not Started | BB49: 6 | BC49: 0 | BD49: FIFI - EXPERIENCE - Inventory+variance - DTS not in M3 | BE49: Sysdat | BF49: 4.5 | BH49: 8.5 | BI49: 11.05 | BO49: Not Started | BP49: 8.5 | BQ49: 0 | BR49: FIFI - EXPERIENCE - Inventory+variance - Unit Tests | BS49: Anne-Marie 3Kles TBD | BT49: 1 | BU49: 3Kles | BV49: 1 | BW49: 1.3 | BX49: 43425 | BY49: 43426 | CC49: Not Started | CD49: 1 | CE49: 0 | CF49: FIFI - EXPERIENCE - Inventory+variance - Integration Tests | CO49: 0 | CQ49: Not Started | CR49: 0 | CS49: #REF! | CT49: 4.5 | CU49: 8.5 | CV49: 2 | CW49: 4.5 | CX49: 8.5 | CY49: =+A49 -> 46 | CZ49: 3 | DA49: 78 | DB49: 5 | DC49: 43374 | DD49: 43525 | DK49: 15.6 | DL49: 15.6 | DM49: 15.6 | DN49: 15.6 | DO49: 15.6
A50: 47 | B50: 2 | C50: EXPERIENCE | D50: M3 | E50: Experience | F50: Inventory+variance | G50: FIFI - EXPERIENCE - Inventory+variance | I50: INTERFACE | J50: MEDIUM | M50: AMB+3Kles | Q50: Not Started | R50: FIFI - EXPERIENCE - Inventory+variance - Functional Specification | S50: Anne-Marie 3Kles TBD | T50: 2 | U50: 2.6 | V50: 43406 | W50: 43410 | AA50: Not Started | AB50: 2 | AC50: 0 | AD50: FIFI - EXPERIENCE - Inventory+variance - Technical Specification | AE50: 3Kles | AF50: 1.5 | AG50: 1.95 | AH50: 43413 | AI50: 43416 | AM50: Not Started | AN50: 1.5 | AO50: 0 | AP50: FIFI - EXPERIENCE - Inventory+variance - DETAILED TECH SPECIFICATION | AQ50: Anne-Marie 3Kles TBD | AR50: 1.5 | AS50: 3Kles | AT50: 6 | AU50: 7.8 | AV50: 43418 | AW50: 43427 | BA50: Not Started | BB50: 6 | BC50: 0 | BD50: FIFI - EXPERIENCE - Inventory+variance - DTS not in M3 | BE50: Sysdat | BF50: 4.5 | BH50: 8.5 | BI50: 11.05 | BO50: Not Started | BP50: 8.5 | BQ50: 0 | BR50: FIFI - EXPERIENCE - Inventory+variance - Unit Tests | BS50: Anne-Marie 3Kles TBD | BT50: 1 | BU50: 3Kles | BV50: 1 | BW50: 1.3 | BX50: 43425 | BY50: 43426 | CC50: Not Started | CD50: 1 | CE50: 0 | CF50: FIFI - EXPERIENCE - Inventory+variance - Integration Tests | CO50: 0 | CQ50: Not Started | CR50: 0 | CS50: #REF! | CT50: 4.5 | CU50: 8.5 | CV50: 2 | CW50: 4.5 | CX50: 8.5 | CY50: =+A50 -> 47 | DA50: TOTAL | DE50: 0 | DF50: 0 | DG50: 0 | DH50: 0 | DI50: 46.722222 | DJ50: 70.083333 | DK50: 85.683333 | DL50: 85.683333 | DM50: 85.683333 | DN50: 85.683333 | DO50: 15.6
A51: 48 | B51: 2 | C51: EXPERIENCE | D51: M3 | E51: Experience | F51: Retail Price | G51: FIFI - EXPERIENCE - Retail Price | I51: INTERFACE | J51: MEDIUM | M51: AMB+3Kles | Q51: Not Started | R51: FIFI - EXPERIENCE - Retail Price - Functional Specification | S51: Anne-Marie 3Kles TBD | T51: 2 | U51: 2.6 | V51: 43406 | W51: 43410 | AA51: Not Started | AB51: 2 | AC51: 0 | AD51: FIFI - EXPERIENCE - Retail Price - Technical Specification | AE51: 3Kles | AF51: 1.5 | AG51: 1.95 | AH51: 43413 | AI51: 43416 | AM51: Not Started | AN51: 1.5 | AO51: 0 | AP51: FIFI - EXPERIENCE - Retail Price - DETAILED TECH SPECIFICATION | AQ51: Anne-Marie 3Kles TBD | AR51: 1.5 | AS51: 3Kles | AT51: 6 | AU51: 7.8 | AV51: 43418 | AW51: 43427 | BA51: Not Started | BB51: 6 | BC51: 0 | BD51: FIFI - EXPERIENCE - Retail Price - DTS not in M3 | BE51: Sysdat | BF51: 4.5 | BH51: 8.5 | BI51: 11.05 | BO51: Not Started | BP51: 8.5 | BQ51: 0 | BR51: FIFI - EXPERIENCE - Retail Price - Unit Tests | BS51: Anne-Marie 3Kles TBD | BT51: 1 | BU51: 3Kles | BV51: 1 | BW51: 1.3 | BX51: 43425 | BY51: 43426 | CC51: Not Started | CD51: 1 | CE51: 0 | CF51: FIFI - EXPERIENCE - Retail Price - Integration Tests | CO51: 0 | CQ51: Not Started | CR51: 0 | CS51: #REF! | CT51: 4.5 | CU51: 8.5 | CV51: 2 | CW51: 4.5 | CX51: 8.5 | CY51: =+A51 -> 48 | DA51: TOTAL | DE51: 0 | DF51: 0 | DG51: 0 | DH51: 0 | DI51: 72.111111 | DJ51: 108.16667 | DK51: 139.36667 | DL51: 139.36667 | DM51: 139.36667 | DN51: 139.36667 | DO51: 31.2
A52: 49 | B52: 2 | C52: EXPERIENCE | D52: Experience | E52: M3 | F52: Stock Adjustment | G52: FIFI - EXPERIENCE - Stock Adjustment | I52: INTERFACE | J52: COMPLEX | M52: AMB+3Kles | Q52: Not Started | R52: FIFI - EXPERIENCE - Stock Adjustment - Functional Specification | S52: Anne-Marie 3Kles TBD | T52: 3 | U52: 3.9 | V52: 43406 | W52: 43411 | AA52: Not Started | AB52: 3 | AC52: 0 | AD52: FIFI - EXPERIENCE - Stock Adjustment - Technical Specification | AE52: 3Kles | AF52: 2 | AG52: 2.6 | AH52: 43416 | AI52: 43418 | AM52: Not Started | AN52: 2 | AO52: 0 | AP52: FIFI - EXPERIENCE - Stock Adjustment - DETAILED TECH SPECIFICATION | AQ52: Anne-Marie 3Kles TBD | AR52: 1.5 | AS52: 3Kles | AT52: 8 | AU52: 10.4 | AV52: 43419 | AW52: 43433 | BA52: Not Started | BB52: 8 | BC52: 0 | BD52: FIFI - EXPERIENCE - Stock Adjustment - DTS not in M3 | BE52: Sysdat | BF52: 6.5 | BH52: 11.5 | BI52: 14.95 | BO52: Not Started | BP52: 11.5 | BQ52: 0 | BR52: FIFI - EXPERIENCE - Stock Adjustment - Unit Tests | BS52: Anne-Marie 3Kles TBD | BT52: 2 | BU52: 3Kles | BV52: 2 | BW52: 2.6 | BX52: 43426 | BY52: 43430 | CC52: Not Started | CD52: 2 | CE52: 0 | CF52: FIFI - EXPERIENCE - Stock Adjustment - Integration Tests | CO52: 0 | CQ52: Not Started | CR52: 0 | CS52: #REF! | CT52: 6.5 | CU52: 12 | CV52: 2 | CW52: 6.5 | CX52: 11.5 | CY52: =+A52 -> 49 | DA52: ETP | DE52: 0 | DF52: 0 | DG52: 0 | DH52: 0 | DI52: 2.595679 | DJ52: 3.8935185 | DK52: 4.7601852 | DL52: 4.7601852 | DM52: 4.7601852 | DN52: 4.7601852 | DO52: 0.86666667
A53: 50 | B53: 2 | C53: EXPERIENCE | D53: M3 | E53: Experience | F53: Stock Adjustment | G53: FIFI - EXPERIENCE - Stock Adjustment | I53: INTERFACE | J53: COMPLEX | M53: AMB+3Kles | Q53: Not Started | R53: FIFI - EXPERIENCE - Stock Adjustment - Functional Specification | S53: Anne-Marie 3Kles TBD | T53: 3 | U53: 3.9 | V53: 43406 | W53: 43411 | AA53: Not Started | AB53: 3 | AC53: 0 | AD53: FIFI - EXPERIENCE - Stock Adjustment - Technical Specification | AE53: 3Kles | AF53: 2 | AG53: 2.6 | AH53: 43416 | AI53: 43418 | AM53: Not Started | AN53: 2 | AO53: 0 | AP53: FIFI - EXPERIENCE - Stock Adjustment - DETAILED TECH SPECIFICATION | AQ53: Anne-Marie 3Kles TBD | AR53: 1.5 | AS53: 3Kles | AT53: 8 | AU53: 10.4 | AV53: 43419 | AW53: 43433 | BA53: Not Started | BB53: 8 | BC53: 0 | BD53: FIFI - EXPERIENCE - Stock Adjustment - DTS not in M3 | BE53: Sysdat | BF53: 6.5 | BH53: 11.5 | BI53: 14.95 | BO53: Not Started | BP53: 11.5 | BQ53: 0 | BR53: FIFI - EXPERIENCE - Stock Adjustment - Unit Tests | BS53: Anne-Marie 3Kles TBD | BT53: 2 | BU53: 3Kles | BV53: 2 | BW53: 2.6 | BX53: 43426 | BY53: 43430 | CC53: Not Started | CD53: 2 | CE53: 0 | CF53: FIFI - EXPERIENCE - Stock Adjustment - Integration Tests | CO53: 0 | CQ53: Not Started | CR53: 0 | CS53: #REF! | CT53: 6.5 | CU53: 12 | CV53: 2 | CW53: 6.5 | CX53: 11.5 | CY53: =+A53 -> 50 | DA53: 753.5
A54: 51 | B54: 2 | C54: EXPERIENCE | D54: M3 | E54: Experience | F54: Sending Printout (Invoice, proforma, etc..) | G54: FIFI - EXPERIENCE - Sending Printout (Invoice, proforma, etc..) | I54: INTERFACE | J54: LOW | M54: AMB+3Kles | Q54: Not Started | R54: FIFI - EXPERIENCE - Sending Printout (Invoice, proforma, etc..) - Functional Specification | S54: Anne-Marie 3Kles TBD | T54: 1 | U54: 1.3 | V54: 43406 | W54: 43409 | AA54: Not Started | AB54: 1 | AC54: 0 | AD54: FIFI - EXPERIENCE - Sending Printout (Invoice, proforma, etc..) - Technical Specification | AE54: 3Kles | AF54: 0.5 | AG54: 0.65 | AH54: 43412 | AI54: 43412 | AM54: Not Started | AN54: 0.5 | AO54: 0 | AP54: FIFI - EXPERIENCE - Sending Printout (Invoice, proforma, etc..) - DETAILED TECH SPECIFICATION | AQ54: Anne-Marie 3Kles TBD | AR54: 0.5 | AS54: 3Kles | AT54: 3 | AU54: 3.9 | AV54: 43417 | AW54: 43420 | BA54: Not Started | BB54: 3 | BC54: 0 | BD54: FIFI - EXPERIENCE - Sending Printout (Invoice, proforma, etc..) - DTS not in M3 | BE54: Sysdat | BF54: 2.5 | BH54: 4 | BI54: 5.2 | BO54: Not Started | BP54: 4 | BQ54: 0 | BR54: FIFI - EXPERIENCE - Sending Printout (Invoice, proforma, etc..) - Unit Tests | BS54: Anne-Marie 3Kles TBD | BT54: 1 | BU54: 3Kles | BV54: 1 | BW54: 1.3 | BX54: 43424 | BY54: 43425 | CC54: Not Started | CD54: 1 | CE54: 0 | CF54: FIFI - EXPERIENCE - Sending Printout (Invoice, proforma, etc..) - Integration Tests | CO54: 0 | CQ54: Not Started | CR54: 0 | CS54: #REF! | CT54: 2.5 | CU54: 4.5 | CV54: 2 | CW54: 2.5 | CX54: 4 | CY54: =+A54 -> 51
A55: 52 | B55: 2 | C55: EXPERIENCE | D55: Experience | E55: M3 | F55: Other | G55: FIFI - EXPERIENCE - Other | I55: INTERFACE | J55: COMPLEX | M55: AMB+3Kles | Q55: Not Started | R55: FIFI - EXPERIENCE - Other - Functional Specification | S55: Anne-Marie 3Kles TBD | T55: 3 | U55: 3.9 | V55: 43468 | W55: 43473 | AA55: Not Started | AB55: 3 | AC55: 0 | AD55: FIFI - EXPERIENCE - Other - Technical Specification | AE55: 3Kles | AF55: 2 | AG55: 2.6 | AH55: 43476 | AI55: 43480 | AM55: Not Started | AN55: 2 | AO55: 0 | AP55: FIFI - EXPERIENCE - Other - DETAILED TECH SPECIFICATION | AQ55: Anne-Marie 3Kles TBD | AR55: 1.5 | AS55: 3Kles | AT55: 8 | AU55: 10.4 | AV55: 43481 | AW55: 43495 | BA55: Not Started | BB55: 8 | BC55: 0 | BD55: FIFI - EXPERIENCE - Other - DTS not in M3 | BE55: Sysdat | BF55: 6.5 | BH55: 11.5 | BI55: 14.95 | BO55: Not Started | BP55: 11.5 | BQ55: 0 | BR55: FIFI - EXPERIENCE - Other - Unit Tests | BS55: Anne-Marie 3Kles TBD | BT55: 2 | BU55: 3Kles | BV55: 2 | BW55: 2.6 | BX55: 43488 | BY55: 43490 | CC55: Not Started | CD55: 2 | CE55: 0 | CF55: FIFI - EXPERIENCE - Other - Integration Tests | CO55: 0 | CQ55: Not Started | CR55: 0 | CS55: #REF! | CT55: 6.5 | CU55: 12 | CV55: 2 | CW55: 6.5 | CX55: 11.5 | CY55: =+A55 -> 52
A56: 53 | B56: 1 | C56: M3 | D56: M3 | E56: M3 | F56: PURCHASE ORDER FORM | G56: FIFI - M3 PRINTOUT - PURCHASE ORDER FORM | I56: FORMS | J56: MEDIUM | Q56: Not Started | R56: FIFI - M3 PRINTOUT - PURCHASE ORDER FORM - Functional Specification | S56: Arnaud | T56: 1 | U56: 1.3 | AA56: Not Started | AB56: 1 | AC56: 0 | AD56: FIFI - M3 PRINTOUT - PURCHASE ORDER FORM - Technical Specification | AE56: 3Kles | AF56: 0.5 | AG56: 0.65 | AM56: Not Started | AN56: 0.5 | AO56: 0 | AP56: FIFI - M3 PRINTOUT - PURCHASE ORDER FORM - DETAILED TECH SPECIFICATION | AQ56: Arnaud | AR56: 1 | AS56: 3Kles | AT56: 3 | AU56: 3.9 | BA56: Not Started | BB56: 3 | BC56: 0 | BD56: FIFI - M3 PRINTOUT - PURCHASE ORDER FORM - DTS not in M3 | BO56: Not Started | BP56: 0 | BQ56: 0 | BR56: FIFI - M3 PRINTOUT - PURCHASE ORDER FORM - Unit Tests | BS56: Arnaud | BT56: 0.5 | BU56: 3Kles | BV56: 0.5 | BW56: 0.65 | CC56: Not Started | CD56: 0.5 | CE56: 0 | CF56: FIFI - M3 PRINTOUT - PURCHASE ORDER FORM - Integration Tests | CO56: 0 | CQ56: Not Started | CR56: 0 | CS56: #REF! | CT56: 2.5 | CU56: 4 | CV56: 1 | CW56: 0 | CX56: 0 | CY56: =+A56 -> 53
A57: 53 | B57: 1 | C57: M3 | D57: M3 | E57: M3 | F57: PROFORMA FIRST COST FORM | G57: FIFI - M3 PRINTOUT - PROFORMA First Cost | I57: FORMS | J57: MEDIUM | Q57: Not Started | R57: FIFI - M3 PRINTOUT - PROFORMA First Cost - Functional Specification | S57: Eric | T57: 1 | U57: 1.3 | AA57: Not Started | AB57: 1 | AC57: 0 | AD57: FIFI - M3 PRINTOUT - PROFORMA First Cost - Technical Specification | AE57: 3Kles | AF57: 0.5 | AG57: 0.65 | AM57: Not Started | AN57: 0.5 | AO57: 0 | AP57: FIFI - M3 PRINTOUT - PROFORMA First Cost - DETAILED TECH SPECIFICATION | AQ57: Eric | AR57: 1 | AS57: 3Kles | AT57: 3 | AU57: 3.9 | BA57: Not Started | BB57: 3 | BC57: 0 | BD57: FIFI - M3 PRINTOUT - PROFORMA First Cost - DTS not in M3 | BO57: Not Started | BP57: 0 | BQ57: 0 | BR57: FIFI - M3 PRINTOUT - PROFORMA First Cost - Unit Tests | BS57: Eric | BT57: 0.5 | BU57: 3Kles | BV57: 0.5 | BW57: 0.65 | CC57: Not Started | CD57: 0.5 | CE57: 0 | CF57: FIFI - M3 PRINTOUT - PROFORMA First Cost - Integration Tests | CO57: 0 | CQ57: Not Started | CR57: 0 | CS57: #REF! | CT57: 2.5 | CU57: 4 | CV57: 1 | CW57: 0 | CX57: 0 | CY57: =+A57 -> 53
A58: 54 | B58: 1 | C58: M3 | D58: M3 | E58: M3 | F58: PROFORMA OUTBOUND CLINT FORM | G58: FIFI - M3 PRINTOUT - PROFORMA First Cost | I58: FORMS | J58: MEDIUM | Q58: Not Started | R58: FIFI - M3 PRINTOUT - PROFORMA First Cost - Functional Specification | S58: Anne-Marie 3Kles TBD | T58: 1 | U58: 1.3 | AA58: Not Started | AB58: 1 | AC58: 0 | AD58: FIFI - M3 PRINTOUT - PROFORMA First Cost - Technical Specification | AE58: 3Kles | AF58: 0.5 | AG58: 0.65 | AM58: Not Started | AN58: 0.5 | AO58: 0 | AP58: FIFI - M3 PRINTOUT - PROFORMA First Cost - DETAILED TECH SPECIFICATION | AQ58: Anne-Marie 3Kles TBD | AR58: 1 | AS58: 3Kles | AT58: 3 | AU58: 3.9 | BA58: Not Started | BB58: 3 | BC58: 0 | BD58: FIFI - M3 PRINTOUT - PROFORMA First Cost - DTS not in M3 | BO58: Not Started | BP58: 0 | BQ58: 0 | BR58: FIFI - M3 PRINTOUT - PROFORMA First Cost - Unit Tests | BS58: Anne-Marie 3Kles TBD | BT58: 0.5 | BU58: 3Kles | BV58: 0.5 | BW58: 0.65 | CC58: Not Started | CD58: 0.5 | CE58: 0 | CF58: FIFI - M3 PRINTOUT - PROFORMA First Cost - Integration Tests | CO58: 0 | CQ58: Not Started | CR58: 0 | CS58: #REF! | CT58: 2.5 | CU58: 4 | CV58: 1 | CW58: 0 | CX58: 0 | CY58: =+A58 -> 54
A59: 55 | B59: 1 | C59: M3 | D59: M3 | E59: M3 | F59: PACKING LIST FORM | G59: FIFI - M3 PRINTOUT - PACKING LIST FORM | I59: FORMS | J59: MEDIUM | Q59: Not Started | R59: FIFI - M3 PRINTOUT - PACKING LIST FORM - Functional Specification | S59: Anne-Marie 3Kles TBD | T59: 1 | U59: 1.3 | AA59: Not Started | AB59: 1 | AC59: 0 | AD59: FIFI - M3 PRINTOUT - PACKING LIST FORM - Technical Specification | AE59: 3Kles | AF59: 0.5 | AG59: 0.65 | AM59: Not Started | AN59: 0.5 | AO59: 0 | AP59: FIFI - M3 PRINTOUT - PACKING LIST FORM - DETAILED TECH SPECIFICATION | AQ59: Anne-Marie 3Kles TBD | AR59: 1 | AS59: 3Kles | AT59: 3 | AU59: 3.9 | BA59: Not Started | BB59: 3 | BC59: 0 | BD59: FIFI - M3 PRINTOUT - PACKING LIST FORM - DTS not in M3 | BO59: Not Started | BP59: 0 | BQ59: 0 | BR59: FIFI - M3 PRINTOUT - PACKING LIST FORM - Unit Tests | BS59: Anne-Marie 3Kles TBD | BT59: 0.5 | BU59: 3Kles | BV59: 0.5 | BW59: 0.65 | CC59: Not Started | CD59: 0.5 | CE59: 0 | CF59: FIFI - M3 PRINTOUT - PACKING LIST FORM - Integration Tests | CO59: 0 | CQ59: Not Started | CR59: 0 | CS59: #REF! | CT59: 2.5 | CU59: 4 | CV59: 1 | CW59: 0 | CX59: 0 | CY59: =+A59 -> 55
A60: 56 | B60: 1 | C60: M3 | D60: M3 | E60: M3 | F60: INVOICE/CREDIT NOTE FORM (rep fiscale) | G60: FIFI - M3 PRINTOUT - INVOICE/CREDIT NOTE FORM | I60: FORMS | J60: MEDIUM | Q60: Not Started | R60: FIFI - M3 PRINTOUT - INVOICE/CREDIT NOTE FORM - Functional Specification | S60: Rodolph (3Kles) | T60: 1 | U60: 1.3 | V60: 43277 | W60: 43278 | X60: 7 | Y60: 2 | Z60: 43291 | AA60: Not Started | AB60: 9 | AC60: 0.77777778 | AD60: FIFI - M3 PRINTOUT - INVOICE/CREDIT NOTE FORM - Technical Specification | AE60: 3Kles | AF60: 0.5 | AG60: 0.65 | AH60: 43283 | AI60: 43283 | AM60: Not Started | AN60: 0.5 | AO60: 0 | AP60: FIFI - M3 PRINTOUT - INVOICE/CREDIT NOTE FORM - DETAILED TECH SPECIFICATION | AQ60: Rodolph (3Kles) | AR60: 1 | AS60: 3Kles | AT60: 3 | AU60: 3.9 | AV60: 43286 | AW60: 43291 | BA60: Not Started | BB60: 3 | BC60: 0 | BD60: FIFI - M3 PRINTOUT - INVOICE/CREDIT NOTE FORM - DTS not in M3 | BO60: Not Started | BP60: 0 | BQ60: 0 | BR60: FIFI - M3 PRINTOUT - INVOICE/CREDIT NOTE FORM - Unit Tests | BS60: Rodolph (3Kles) | BT60: 0.5 | BU60: 3Kles | BV60: 0.5 | BW60: 0.65 | BX60: 43293 | BY60: 43293 | CC60: Not Started | CD60: 0.5 | CE60: 0 | CF60: FIFI - M3 PRINTOUT - INVOICE/CREDIT NOTE FORM - Integration Tests | CO60: 0 | CQ60: Not Started | CR60: 0 | CS60: #REF! | CT60: 2.5 | CU60: 4 | CV60: 1 | CW60: 0 | CX60: 0 | CY60: =+A60 -> 56
A61: 57 | B61: 1 | C61: PALOMA | D61: M3 | E61: Datawarehouse | F61: TBC | G61: FIFI - PALOMA - TBC | I61: INTERFACE | M61: Atef | Q61: Not Started | R61: FIFI - PALOMA - TBC - Functional Specification | S61: Atef | AA61: Not Started | AC61: 0 | AD61: FIFI - PALOMA - TBC - Technical Specification | AE61: Atef | AM61: Not Started | AO61: 0 | AP61: FIFI - PALOMA - TBC - DETAILED TECH SPECIFICATION | AQ61: Atef | AS61: Atef | BA61: Not Started | BC61: 0 | BD61: FIFI - PALOMA - TBC - DTS not in M3 | BO61: Not Started | BQ61: 0 | BR61: FIFI - PALOMA - TBC - Unit Tests | BS61: Atef | BU61: Atef | CC61: Not Started | CE61: 0 | CF61: FIFI - PALOMA - TBC - Integration Tests | CO61: 0 | CQ61: Not Started | CR61: 0 | CS61: #REF! | CT61: 0 | CU61: 0 | CV61: 1 | CW61: 0 | CX61: 0 | CY61: =+A61 -> 57
A62: 58 | B62: 2 | C62: GETPAID | D62: GetPaid | E62: M3 | F62: TBD | G62: FIFI - GETPAID - | I62: INTERFACE | Q62: Not Started | R62: FIFI - GETPAID - - Functional Specification | AA62: Not Started | AC62: 0 | AD62: FIFI - GETPAID - - Technical Specification | AE62: 3Kles | AM62: Not Started | AO62: 0 | AP62: FIFI - GETPAID - - DETAILED TECH SPECIFICATION | AQ62: 0 | AS62: 3Kles | BA62: Not Started | BC62: 0 | BD62: FIFI - GETPAID - - DTS not in M3 | BO62: Not Started | BQ62: 0 | BR62: FIFI - GETPAID - - Unit Tests | BS62: 0 | CC62: Not Started | CE62: 0 | CF62: FIFI - GETPAID - - Integration Tests | CO62: 0 | CQ62: Not Started | CR62: 0 | CS62: #REF! | CT62: 0 | CU62: 0 | CV62: 2 | CW62: 0 | CX62: 0 | CY62: =+A62 -> 58
A63: 59 | B63: 2 | C63: GETPAID | D63: M3 | E63: GetPaid | F63: TBD | G63: FIFI - GETPAID - | I63: INTERFACE | Q63: Not Started | R63: FIFI - GETPAID - - Functional Specification | AA63: Not Started | AC63: 0 | AD63: FIFI - GETPAID - - Technical Specification | AM63: Not Started | AO63: 0 | AP63: FIFI - GETPAID - - DETAILED TECH SPECIFICATION | AQ63: 0 | AS63: 0 | BA63: Not Started | BC63: 0 | BD63: FIFI - GETPAID - - DTS not in M3 | BO63: Not Started | BQ63: 0 | BR63: FIFI - GETPAID - - Unit Tests | BS63: 0 | BU63: 0 | CC63: Not Started | CE63: 0 | CF63: FIFI - GETPAID - - Integration Tests | CO63: 0 | CQ63: Not Started | CR63: 0 | CS63: #REF! | CT63: 0 | CU63: 0 | CV63: 2 | CW63: 0 | CX63: 0 | CY63: =+A63 -> 59 | DE63: 43191 | DF63: 43221 | DG63: 43252 | DH63: 43282 | DI63: 43313 | DJ63: 43344 | DK63: 43374 | DL63: 43405 | DM63: 43435 | DN63: 43466 | DO63: 43497
A64: 60 | B64: 3 | C64: Y2 | D64: M3 | E64: Y2 | F64: TBC | G64: FIFI - Y2 - TBC | I64: INTERFACE | Q64: Not Started | R64: FIFI - Y2 - TBC - Functional Specification | AA64: Not Started | AC64: 0 | AD64: FIFI - Y2 - TBC - Technical Specification | AM64: Not Started | AO64: 0 | AP64: FIFI - Y2 - TBC - DETAILED TECH SPECIFICATION | AQ64: 0 | AS64: 0 | BA64: Not Started | BC64: 0 | BD64: FIFI - Y2 - TBC - DTS not in M3 | BO64: Not Started | BQ64: 0 | BR64: FIFI - Y2 - TBC - Unit Tests | BS64: 0 | BU64: 0 | CC64: Not Started | CE64: 0 | CF64: FIFI - Y2 - TBC - Integration Tests | CO64: 0 | CQ64: Not Started | CR64: 0 | CS64: #REF! | CT64: 0 | CU64: 0 | CV64: 3 | CW64: 0 | CX64: 0 | CY64: =+A64 -> 60 | CZ64: LOT | DA64: WORKLOAD FUNCT. HORS M3 | DB64: Durée | DC64: Mois départ | DD64: Mois Fin | DE64: 43191 | DF64: 43221 | DG64: 43252 | DH64: 43282 | DI64: 43313 | DJ64: 43344 | DK64: 43374 | DL64: 43405 | DM64: 43435 | DN64: 43466 | DO64: 43497
A65: 61 | B65: 3 | C65: Y2 | D65: Y2 | E65: M3 | F65: TBC | G65: FIFI - Y2 - TBC | I65: INTERFACE | Q65: Not Started | R65: FIFI - Y2 - TBC - Functional Specification | AA65: Not Started | AC65: 0 | AD65: FIFI - Y2 - TBC - Technical Specification | AM65: Not Started | AO65: 0 | AP65: FIFI - Y2 - TBC - DETAILED TECH SPECIFICATION | AQ65: 0 | AS65: 0 | BA65: Not Started | BC65: 0 | BD65: FIFI - Y2 - TBC - DTS not in M3 | BO65: Not Started | BQ65: 0 | BR65: FIFI - Y2 - TBC - Unit Tests | BS65: 0 | BU65: 0 | CC65: Not Started | CE65: 0 | CF65: FIFI - Y2 - TBC - Integration Tests | CO65: 0 | CQ65: Not Started | CR65: 0 | CS65: #REF! | CT65: 0 | CU65: 0 | CV65: 3 | CW65: 0 | CX65: 0 | CY65: =+A65 -> 61 | CZ65: 1 | DA65: 116 | DB65: 6 | DC65: 43282 | DD65: 43466 | DH65: 19.333333 | DI65: 12.888889 | DJ65: 19.333333 | DK65: 19.333333 | DL65: 19.333333 | DM65: 19.333333

Sheet AGGREGATE
A1: DELIVERABLE | B1: TYPE | C1: ID | D1: Funct. Resp. | E1: PLANNED WORKLOAD FUNCT. | F1: Dev. Resp. | G1: PLANNED WORKLOAD DEV. | H1: PLANNED START DATE | I1: ESTIMATED END DATE | J1: STATUS | K1: EAC | L1: % WORKLOAD COMPLETED
A2: A partir de l'onglet FIFI; Mettre valeur colonne R à partir de R4, tant que pas vide. Apres mettre valeur colonne AD; tant que pas vide, puis colonne AP, tant que pas vide; puis colonne BD, tant que pas vide; puis colonne BR , tant que pas vide | B2: =IF(COUNTIF(A2,"*"&REF!$A$1&"*"),REF!$A$1,IF(COUNTIF(A2,"*"&REF!$A$2&"*"),REF!$A$2,IF(COUNTIF(A2,"*"&REF!$A$3&"*"),REF!$A$3,IF(COUNTIF(A2,"*"&REF!$A$4&"*"),REF!$A$4,IF(COUNTIF(A2,"*"&REF!$A$5&"*"),REF!$A$5,""))))) | C2: 1 | D2: =IF($B2="DTS NOT IN M3",VLOOKUP($C2,FIFI!$A$4:$DD$101,57,FALSE),VLOOKUP($C2,FIFI!$A$4:$DD$101,19,FALSE)) -> Maxime | F2: =IF($B2="DTS NOT IN M3",VLOOKUP($C2,FIFI!$A$4:$DD$101,59,FALSE),VLOOKUP($C2,FIFI!$A$4:$DD$101,31,FALSE)) -> 3Kles | H2: Mettre valeur colonne V à partir de V4, tant que pas vide. Apres mettre valeur colonne AH; tant que pas vide, puis colonne AP, tant que pas vide; puis colonne AV, tant que pas vide; puis colonne BJ , tant que pas vide | I2: Mettre valeur colonne Z à partir de Z4, tant que pas vide. Apres mettre valeur colonne AL; tant que pas vide, puis colonne AZ, tant que pas vide; puis colonne BN, tant que pas vide; puis colonne CB , tant que pas vide | J2: Mettre valeur colonne AA à partir de AA4, tant que pas vide. Apres mettre valeur colonne AM; tant que pas vide, puis colonne BA, tant que pas vide; puis colonne BO, tant que pas vide; puis colonne CC , tant que pas vide | K2: Mettre valeur colonne AB à partir de AB4, tant que pas vide. Apres mettre valeur colonne AN; tant que pas vide, puis colonne BB, tant que pas vide; puis colonne BP, tant que pas vide; puis colonne CD , tant que pas vide | L2: Mettre valeur colonne AC à partir de AC4, tant que pas vide. Apres mettre valeur colonne AO; tant que pas vide, puis colonne BC, tant que pas vide; puis colonne BQ, tant que pas vide; puis colonne CE , tant que pas vide
B3: =IF(COUNTIF(A3,"*"&REF!$A$1&"*"),REF!$A$1,IF(COUNTIF(A3,"*"&REF!$A$2&"*"),REF!$A$2,IF(COUNTIF(A3,"*"&REF!$A$3&"*"),REF!$A$3,IF(COUNTIF(A3,"*"&REF!$A$4&"*"),REF!$A$4,IF(COUNTIF(A3,"*"&REF!$A$5&"*"),REF!$A$5,""))))) | C3: =IF(B2=B3,1+C2,1) -> 2 | D3: =IF($B3="DTS NOT IN M3",VLOOKUP($C3,FIFI!$A$4:$DD$101,57,FALSE),VLOOKUP($C3,FIFI!$A$4:$DD$101,19,FALSE)) -> Maxime | F3: =IF($B3="DTS NOT IN M3",VLOOKUP($C3,FIFI!$A$4:$DD$101,59,FALSE),VLOOKUP($C3,FIFI!$A$4:$DD$101,31,FALSE)) -> 3Kles
B4: =IF(COUNTIF(A4,"*"&REF!$A$1&"*"),REF!$A$1,IF(COUNTIF(A4,"*"&REF!$A$2&"*"),REF!$A$2,IF(COUNTIF(A4,"*"&REF!$A$3&"*"),REF!$A$3,IF(COUNTIF(A4,"*"&REF!$A$4&"*"),REF!$A$4,IF(COUNTIF(A4,"*"&REF!$A$5&"*"),REF!$A$5,""))))) | C4: =IF(B3=B4,1+C3,1) -> 3 | D4: =IF($B4="DTS NOT IN M3",VLOOKUP($C4,FIFI!$A$4:$DD$101,57,FALSE),VLOOKUP($C4,FIFI!$A$4:$DD$101,19,FALSE)) -> Maxime | F4: =IF($B4="DTS NOT IN M3",VLOOKUP($C4,FIFI!$A$4:$DD$101,59,FALSE),VLOOKUP($C4,FIFI!$A$4:$DD$101,31,FALSE)) -> CL TBD
B5: =IF(COUNTIF(A5,"*"&REF!$A$1&"*"),REF!$A$1,IF(COUNTIF(A5,"*"&REF!$A$2&"*"),REF!$A$2,IF(COUNTIF(A5,"*"&REF!$A$3&"*"),REF!$A$3,IF(COUNTIF(A5,"*"&REF!$A$4&"*"),REF!$A$4,IF(COUNTIF(A5,"*"&REF!$A$5&"*"),REF!$A$5,""))))) | C5: =IF(B4=B5,1+C4,1) -> 4 | D5: =IF($B5="DTS NOT IN M3",VLOOKUP($C5,FIFI!$A$4:$DD$101,57,FALSE),VLOOKUP($C5,FIFI!$A$4:$DD$101,19,FALSE)) -> Maxime | F5: =IF($B5="DTS NOT IN M3",VLOOKUP($C5,FIFI!$A$4:$DD$101,59,FALSE),VLOOKUP($C5,FIFI!$A$4:$DD$101,31,FALSE)) -> CL TBD
B6: =IF(COUNTIF(A6,"*"&REF!$A$1&"*"),REF!$A$1,IF(COUNTIF(A6,"*"&REF!$A$2&"*"),REF!$A$2,IF(COUNTIF(A6,"*"&REF!$A$3&"*"),REF!$A$3,IF(COUNTIF(A6,"*"&REF!$A$4&"*"),REF!$A$4,IF(COUNTIF(A6,"*"&REF!$A$5&"*"),REF!$A$5,""))))) | C6: =IF(B5=B6,1+C5,1) -> 5 | D6: =IF($B6="DTS NOT IN M3",VLOOKUP($C6,FIFI!$A$4:$DD$101,57,FALSE),VLOOKUP($C6,FIFI!$A$4:$DD$101,19,FALSE)) -> 3Kles (TBD) | F6: =IF($B6="DTS NOT IN M3",VLOOKUP($C6,FIFI!$A$4:$DD$101,59,FALSE),VLOOKUP($C6,FIFI!$A$4:$DD$101,31,FALSE)) -> Centric/3Kles
B7: =IF(COUNTIF(A7,"*"&REF!$A$1&"*"),REF!$A$1,IF(COUNTIF(A7,"*"&REF!$A$2&"*"),REF!$A$2,IF(COUNTIF(A7,"*"&REF!$A$3&"*"),REF!$A$3,IF(COUNTIF(A7,"*"&REF!$A$4&"*"),REF!$A$4,IF(COUNTIF(A7,"*"&REF!$A$5&"*"),REF!$A$5,""))))) | C7: =IF(B6=B7,1+C6,1) -> 6 | D7: =IF($B7="DTS NOT IN M3",VLOOKUP($C7,FIFI!$A$4:$DD$101,57,FALSE),VLOOKUP($C7,FIFI!$A$4:$DD$101,19,FALSE)) -> 3Kles (TBD) | F7: =IF($B7="DTS NOT IN M3",VLOOKUP($C7,FIFI!$A$4:$DD$101,59,FALSE),VLOOKUP($C7,FIFI!$A$4:$DD$101,31,FALSE)) -> Centric/3Kles
B8: =IF(COUNTIF(A8,"*"&REF!$A$1&"*"),REF!$A$1,IF(COUNTIF(A8,"*"&REF!$A$2&"*"),REF!$A$2,IF(COUNTIF(A8,"*"&REF!$A$3&"*"),REF!$A$3,IF(COUNTIF(A8,"*"&REF!$A$4&"*"),REF!$A$4,IF(COUNTIF(A8,"*"&REF!$A$5&"*"),REF!$A$5,""))))) | C8: =IF(B7=B8,1+C7,1) -> 7 | D8: =IF($B8="DTS NOT IN M3",VLOOKUP($C8,FIFI!$A$4:$DD$101,57,FALSE),VLOOKUP($C8,FIFI!$A$4:$DD$101,19,FALSE)) -> 3Kles (TBD) | F8: =IF($B8="DTS NOT IN M3",VLOOKUP($C8,FIFI!$A$4:$DD$101,59,FALSE),VLOOKUP($C8,FIFI!$A$4:$DD$101,31,FALSE)) -> 3Kles
B9: =IF(COUNTIF(A9,"*"&REF!$A$1&"*"),REF!$A$1,IF(COUNTIF(A9,"*"&REF!$A$2&"*"),REF!$A$2,IF(COUNTIF(A9,"*"&REF!$A$3&"*"),REF!$A$3,IF(COUNTIF(A9,"*"&REF!$A$4&"*"),REF!$A$4,IF(COUNTIF(A9,"*"&REF!$A$5&"*"),REF!$A$5,""))))) | C9: =IF(B8=B9,1+C8,1) -> 8 | D9: =IF($B9="DTS NOT IN M3",VLOOKUP($C9,FIFI!$A$4:$DD$101,57,FALSE),VLOOKUP($C9,FIFI!$A$4:$DD$101,19,FALSE)) -> 3Kles (TBD) | F9: =IF($B9="DTS NOT IN M3",VLOOKUP($C9,FIFI!$A$4:$DD$101,59,FALSE),VLOOKUP($C9,FIFI!$A$4:$DD$101,31,FALSE)) -> 3Kles
B10: =IF(COUNTIF(A10,"*"&REF!$A$1&"*"),REF!$A$1,IF(COUNTIF(A10,"*"&REF!$A$2&"*"),REF!$A$2,IF(COUNTIF(A10,"*"&REF!$A$3&"*"),REF!$A$3,IF(COUNTIF(A10,"*"&REF!$A$4&"*"),REF!$A$4,IF(COUNTIF(A10,"*"&REF!$A$5&"*"),REF!$A$5,""))))) | C10: =IF(B9=B10,1+C9,1) -> 9 | D10: =IF($B10="DTS NOT IN M3",VLOOKUP($C10,FIFI!$A$4:$DD$101,57,FALSE),VLOOKUP($C10,FIFI!$A$4:$DD$101,19,FALSE)) -> 3Kles (TBD) | F10: =IF($B10="DTS NOT IN M3",VLOOKUP($C10,FIFI!$A$4:$DD$101,59,FALSE),VLOOKUP($C10,FIFI!$A$4:$DD$101,31,FALSE)) -> 3Kles
B11: =IF(COUNTIF(A11,"*"&REF!$A$1&"*"),REF!$A$1,IF(COUNTIF(A11,"*"&REF!$A$2&"*"),REF!$A$2,IF(COUNTIF(A11,"*"&REF!$A$3&"*"),REF!$A$3,IF(COUNTIF(A11,"*"&REF!$A$4&"*"),REF!$A$4,IF(COUNTIF(A11,"*"&REF!$A$5&"*"),REF!$A$5,""))))) | C11: =IF(B10=B11,1+C10,1) -> 10 | D11: =IF($B11="DTS NOT IN M3",VLOOKUP($C11,FIFI!$A$4:$DD$101,57,FALSE),VLOOKUP($C11,FIFI!$A$4:$DD$101,19,FALSE)) -> 3Kles (TBD) | F11: =IF($B11="DTS NOT IN M3",VLOOKUP($C11,FIFI!$A$4:$DD$101,59,FALSE),VLOOKUP($C11,FIFI!$A$4:$DD$101,31,FALSE)) -> 3Kles
B12: =IF(COUNTIF(A12,"*"&REF!$A$1&"*"),REF!$A$1,IF(COUNTIF(A12,"*"&REF!$A$2&"*"),REF!$A$2,IF(COUNTIF(A12,"*"&REF!$A$3&"*"),REF!$A$3,IF(COUNTIF(A12,"*"&REF!$A$4&"*"),REF!$A$4,IF(COUNTIF(A12,"*"&REF!$A$5&"*"),REF!$A$5,""))))) | C12: =IF(B11=B12,1+C11,1) -> 11 | D12: =IF($B12="DTS NOT IN M3",VLOOKUP($C12,FIFI!$A$4:$DD$101,57,FALSE),VLOOKUP($C12,FIFI!$A$4:$DD$101,19,FALSE)) -> 3Kles (TBD) | F12: =IF($B12="DTS NOT IN M3",VLOOKUP($C12,FIFI!$A$4:$DD$101,59,FALSE),VLOOKUP($C12,FIFI!$A$4:$DD$101,31,FALSE)) -> 3Kles
B13: =IF(COUNTIF(A13,"*"&REF!$A$1&"*"),REF!$A$1,IF(COUNTIF(A13,"*"&REF!$A$2&"*"),REF!$A$2,IF(COUNTIF(A13,"*"&REF!$A$3&"*"),REF!$A$3,IF(COUNTIF(A13,"*"&REF!$A$4&"*"),REF!$A$4,IF(COUNTIF(A13,"*"&REF!$A$5&"*"),REF!$A$5,""))))) | C13: =IF(B12=B13,1+C12,1) -> 12 | D13: =IF($B13="DTS NOT IN M3",VLOOKUP($C13,FIFI!$A$4:$DD$101,57,FALSE),VLOOKUP($C13,FIFI!$A$4:$DD$101,19,FALSE)) -> 0 | F13: =IF($B13="DTS NOT IN M3",VLOOKUP($C13,FIFI!$A$4:$DD$101,59,FALSE),VLOOKUP($C13,FIFI!$A$4:$DD$101,31,FALSE)) -> 3Kles
B14: =IF(COUNTIF(A14,"*"&REF!$A$1&"*"),REF!$A$1,IF(COUNTIF(A14,"*"&REF!$A$2&"*"),REF!$A$2,IF(COUNTIF(A14,"*"&REF!$A$3&"*"),REF!$A$3,IF(COUNTIF(A14,"*"&REF!$A$4&"*"),REF!$A$4,IF(COUNTIF(A14,"*"&REF!$A$5&"*"),REF!$A$5,""))))) | C14: =IF(B13=B14,1+C13,1) -> 13 | D14: =IF($B14="DTS NOT IN M3",VLOOKUP($C14,FIFI!$A$4:$DD$101,57,FALSE),VLOOKUP($C14,FIFI!$A$4:$DD$101,19,FALSE)) -> 0 | F14: =IF($B14="DTS NOT IN M3",VLOOKUP($C14,FIFI!$A$4:$DD$101,59,FALSE),VLOOKUP($C14,FIFI!$A$4:$DD$101,31,FALSE)) -> 3Kles
... B311: =IF(COUNTIF(A311,"*"&REF!$A$1&"*"),REF!$A$1,IF(COUNTIF(A311,"*"&REF!$A$2&"*"),REF!$A$2,IF(COUNTIF(A311,"*"&REF!$A$3&"*"),REF!$A$3,IF(COUNTIF(A311,"*"&REF!$A$4&"*"),REF!$A$4,IF(COUNTIF(A311,"*"&REF!$A$5&"*"),REF!$A$5,""))))) | C311: =IF(B310=B311,1+C310,1) -> 310 | D311: =IF($B311="DTS NOT IN M3",VLOOKUP($C311,FIFI!$A$4:$DD$101,57,FALSE),VLOOKUP($C311,FIFI!$A$4:$DD$101,19,FALSE)) -> #N/A | F311: =IF($B311="DTS NOT IN M3",VLOOKUP($C311,FIFI!$A$4:$DD$101,59,FALSE),VLOOKUP($C311,FIFI!$A$4:$DD$101,31,FALSE)) -> #N/A

Sheet REF
A1: FUNCTIONAL SPECIFICATION | B1: 18
A2: TECHNICAL SPECIFICATION | B2: 30
A3: DETAILED TECH SPECIFICATION | B3: 42
A4: DTS NOT IN M3 | B4: 50
A5: UNIT TESTS | B5: 70
